 Dungeon Crawl Stone Soup version 0.32-a0-931-g5a2cda0 (webtiles) character file.

Game seed: 2807965348916692661

15047024 Lovepenguin the Politician (level 27, 174/174 HPs)
             Began as a Vine Stalker Berserker on Apr 13, 2024.
             Was a Follower of Uskayaw.
             Escaped with the Orb
             ... and 15 runes
             ... and 1 gem (0 intact)!
             The game lasted 04:06:14 (105666 turns).

Lovepenguin the Politician (VSBe)                 Turns: 105666, Time: 04:06:15

Health: 174/174    AC: 50    Str: 31    XL:     27
Magic:  41/41      EV: 24    Int:  5    God:    Uskayaw [*.....]
Gold:   2783       SH: 32    Dex: 30    Spells: 31/62 levels left

rFire   + + .        a - +9 quick blade (holy)
rCold   + + +        B - +3 tower shield {rC+}
rNeg    + + .        T - +8 gold dragon scales "Ucineybe" {+Blink rPois rF+ rC+ Regen+ Int-5}
rPois   +            k - +1 helmet of the Clam {Rampage Str+2 Dex+3}
rElec   +            s - +2 cloak {Will+}
rCorr   +            J - +4 pair of gloves of Death's Door {rC+ rCorr}
SInv    +            d - +0 pair of boots "Vaohaxia" {rF+}
Will    +++++        Q - amulet "Kammimn" {Regen+ Str+5} Stlth
                     W - ring "Zenougy" {Will+ Str+2 Dex+6 SInv Stlth+}
HPRegen 2.89/turn    g - ring of Imutagoh {rElec rN++ AC+4 Int+3 Dex-5}
MPRegen 0.27/turn

%: guardian spirit, rampage
@: studying 9 skills
A: fangs 3, regeneration 1, magic shield, antimagic bite, no potion heal 2, cold
resistance 1, low MP 1, mutation resistance 1
0: Orb of Zot
}: 15/15 runes: decaying, serpentine, slimy, silver, golden, iron, obsidian,
icy, bone, abyssal, demonic, glowing, magical, fiery, dark
a: Renounce Religion, Evoke Blink, Stomp


You escaped.
You worshipped Uskayaw.
Uskayaw was exalted by your worship.
You visited 18 branches of the dungeon, and saw 88 of its levels.
You visited Pandemonium 4 times, and saw 15 of its levels.
You visited the Abyss 2 times.
You also visited: Sewer and Ice Cave.

You collected 17330 gold pieces.
You spent 14547 gold pieces at shops.

Inventory:

Hand Weapons
 a - a +9 quick blade of holy wrath (weapon)
Armour
 d - the +0 pair of boots "Vaohaxia" (worn) {rF+}
   (You found it in Pandemonium)

   rF+:       It protects you from fire.
 k - the +1 helmet of the Clam (worn) {Rampage Str+2 Dex+3}
   (You found it in Pandemonium)

   Str+2:     It affects your strength (+2).
   Dex+3:     It affects your dexterity (+3).
   Rampage:   It bestows one free step when moving towards enemies.
 s - a +2 cloak of willpower (worn)
 B - a +3 tower shield of cold resistance (worn)
 J - the +4 pair of gloves of Death's Door (worn) {rC+ rCorr}
   (You bought it in a shop on level 1 of the Elven Halls)

   rC+:       It protects you from cold.
   rCorr:     It protects you from acid and corrosion.
 T - the +8 gold dragon scales "Ucineybe" (worn) {+Blink rPois rF+ rC+ Regen+ Int-5}
   (You took it off an efreet in Pandemonium)

   Int-5:     It affects your intelligence (-5).
   rF+:       It protects you from fire.
   rC+:       It protects you from cold.
   rPois:     It protects you from poison.
   +Blink:    It lets you blink.
   Regen+:    It increases your rate of health regeneration.
 U - +12 gold dragon scales
Jewellery
 g - the ring of Imutagoh (right hand) {rElec rN++ AC+4 Int+3 Dex-5}
   (You found it on level 13 of the Dungeon)

   [ring of protection]

   AC+4:      It affects your AC (+4).
   Int+3:     It affects your intelligence (+3).
   Dex-5:     It affects your dexterity (-5).
   rElec:     It insulates you from electricity.
   rN++:      It greatly protects you from negative energy.
 Q - the amulet "Kammimn" (around neck) {Regen+ Str+5}
   (You found it in Pandemonium)

   [amulet of regeneration]

   Str+5:     It affects your strength (+5).
   Regen+:    It increases your rate of health regeneration.
 W - the ring "Zenougy" (left hand) {Will+ Str+2 Dex+6 SInv Stlth+}
   (You found it on level 5 of the Pits of Slime)

   [ring of dexterity]

   Str+2:     It affects your strength (+2).
   Dex+6:     It affects your dexterity (+6).
   Will+:     It increases your willpower.
   SInv:      It lets you see invisible.
   Stlth+:    It makes you more stealthy.
Wands
 c - a wand of quicksilver (70)
 i - a wand of digging (25)
 S - a wand of warping (93)
Scrolls
 e - 14 scrolls of fear
 l - 10 scrolls of teleportation
 n - 14 scrolls of amnesia
 p - 14 scrolls of poison
 q - 4 scrolls of brand weapon
 u - 3 scrolls of fog
 v - 13 scrolls of immolation
 x - 3 scrolls of summoning
 y - 9 scrolls of revelation
 z - 9 scrolls of vulnerability
 A - a scroll of blinking
 E - 3 scrolls of silence
 H - 2 scrolls of enchant weapon
Potions
 h - 8 potions of magic
 j - 3 potions of resistance
 m - 16 potions of lignification
 o - 9 potions of cancellation
 r - 3 potions of mutation
 C - 9 potions of attraction
 D - 5 potions of invisibility
 G - 6 potions of enlightenment
 K - 7 potions of berserk rage
 M - 4 potions of ambrosia
 N - 13 potions of brilliance
 R - 27 potions of curing
Miscellaneous
 L - a figurine of a ziggurat


   Skills:
 O Level 27 Fighting
 O Level 27 Short Blades
 * Level 21.8 Armour
 * Level 21.7 Dodging
 O Level 27 Shields
 + Level 18.4 Spellcasting
 - Level 5.6 Hexes
 - Level 5.7 Translocations
 - Level 7.7 Air Magic
 O Level 27 Invocations
 * Level 8.6 Evocations


You had 31 spell levels left.
You knew the following spells:

 Your Spells              Type           Power      Damage    Failure   Level
a - Enfeeble              Hex            5%         N/A       100%        7
b - Discord               Hex            5%         N/A       100%        8
c - Silence               Hex/Air        5%         N/A       75%         5
d - Vhi's Electric Charg  Tloc/Air       22%        N/A       36%         4
e - Apportation           Tloc           20%        N/A       6%          1
q - Blink                 Tloc           20%        N/A       9%          2
r - Passage of Golubria   Tloc           10%        N/A       52%         4

Your spell library contained the following spells:

 Spells                   Type           Power      Damage    Failure   Level
 Slow                     Hex            40%        N/A       6%          1
 Swiftness                Air            12%        N/A       8%          3
 Shock                    Conj/Air       32%        1d5       13%         1
 Confusing Touch          Hex            10%        N/A       19%         3
 Sigil of Binding         Hex            10%        N/A       19%         3
 Teleport Other           Tloc           10%        N/A       19%         3
 Tukima's Dance           Hex            10%        N/A       19%         3
 Mercury Vapours          Alch/Air       16%        N/A       21%         2
 Airstrike                Air            6%         2d(1-17)  26%         4
 Ensorcelled Hibernation  Hex/Ice        14%        N/A       30%         2
 Momentum Strike          Conj/Tloc      14%        3d8       30%         2
 Cigotuvi's Dreadful Rot  Necr/Alch/Air  14%        N/A       32%         2
 Dazzling Flash           Conj/Hex       14%        N/A       52%         3
 Inner Flame              Hex/Fire       7%         N/A       52%         3
 Cause Fear               Hex            5%         N/A       52%         4
 Dimensional Bullseye     Hex/Tloc       5%         N/A       52%         4
 Foxfire                  Conj/Fire      16%        2x1d4     54%         1
 Kiss of Death            Conj/Necr      16%        2d6       54%         1
 Magic Dart               Conj           16%        1d3       54%         1
 Necrotise                Necr           16%        1d4       54%         1
 Sandblast                Erth           8%         2d5       54%         1
 Sting                    Conj/Alch      16%        1d4       54%         1
 Summon Small Mammal      Summ           16%        N/A       54%         1
 Mephitic Cloud           Conj/Alch/Air  7%         N/A       54%         3
 Call Imp                 Summ           8%         N/A       67%         2
 Scorch                   Fire           8%         2d5       67%         2
 Searing Ray              Conj           8%         2d4       67%         2
 Sublimation of Blood     Necr           4%         N/A       67%         2
 Summon Lightning Spire   Summ/Air       8%         N/A       78%         4
 Call Canine Familiar     Summ           4%         N/A       88%         3
 Fugue of the Fallen      Necr           4%         N/A       88%         3
 Hailstorm                Conj/Ice       4%         3d5       88%         3
 Stone Arrow              Conj/Erth      8%         3d7       88%         3
 Summon Ice Beast         Ice/Summ       4%         N/A       88%         3
 Vampiric Draining        Necr           4%         2d6       88%         3
 Anguish                  Hex/Necr       3%         N/A       89%         4
 Iskenderun's Mystic Bla Conj/Tloc 7%             2d4        (+2d1     89%         4
 Arcjolt                  Conj/Air       4%         1d14      98%         5
 Animate Armour           Summ/Erth      8%         N/A       99%         4
 Animate Dead             Necr           4%         N/A       99%         4
 Brom's Barrelling Bould  Conj/Erth      4%         2d3       99%         4
 Dispel Undead            Necr           4%         3d7       99%         4
 Flame Wave               Conj/Fire      4%         2d5       99%         4
 Fulminant Prism          Conj/Alch      2%         3d5       99%         4
 Ignite Poison            Fire/Alch      4%         N/A       99%         4
 Leda's Liquefaction      Alch/Erth      2%         N/A       99%         4
 Martyr's Knell           Necr/Summ      4%         N/A       99%         4
 Olgreb's Toxic Radiance  Alch           4%         N/A       99%         4
 Petrify                  Alch/Erth      4%         N/A       99%         4
 Sticky Flame             Fire/Alch      4%         2d4       99%         4
 Summon Blazeheart Golem  Fire/Summ      4%         N/A       99%         4
 Freezing Cloud           Conj/Ice/Air   3%         6-21      99%         5
 Metabolic Englaciation   Hex/Ice        3%         N/A       99%         5
 Summon Forest            Summ/Tloc      3%         N/A       99%         5
 Summon Mana Viper        Hex/Summ       7%         N/A       99%         5
 Yara's Violent Unravell  Hex/Alch       3%         3d4       99%         5
 Borgnjor's Vile Clutch   Necr/Erth      2%         N/A       100%        5
 Curse of Agony           Necr           4%         N/A       100%        5
 Fireball                 Conj/Fire      2%         3d4       100%        5
 Irradiate                Conj/Alch      2%         3d12      100%        5
 Iskenderun's Battlesphe  Conj           4%         2d6       100%        5
 Lee's Rapid Deconstruct  Erth           2%         3d4*      100%        5
 Bombard                  Conj/Erth      2%         9d1       100%        6
 Conjure Ball Lightning   Conj/Air       4%         3x3d6     100%        6
 Death Channel            Necr           2%         N/A       100%        6
 Dispersal                Tloc           5%         N/A       100%        6
 Eringya's Noxious Bog    Alch           2%         4d6       100%        6
 Gell's Gavotte           Tloc           5%         2d(13-19) 100%        6
 Permafrost Eruption      Ice/Erth       2%         2x4d2     100%        6
 Plasma Beam              Fire/Air       4%         2x1d14    100%        6
 Sculpt Simulacrum        Ice/Alch       2%         N/A       100%        6
 Starburst                Conj/Fire      2%         6d3       100%        6
 Summon Cactus Giant      Summ           2%         N/A       100%        6
 Haunt                    Necr/Summ      2%         N/A       100%        7
 Monstrous Menagerie      Summ           2%         N/A       100%        7
 Ozocubu's Refrigeration  Ice            2%         4d7       100%        7
 Spellforged Servitor     Conj/Summ      2%         N/A       100%        7
 Summon Hydra             Summ           2%         N/A       100%        7
 Borgnjor's Revivificati  Necr           2%         N/A       100%        8
 Disjunction              Tloc           5%         N/A       100%        8
 Infestation              Necr           2%         N/A       100%        8
 Lehudib's Crystal Spear  Conj/Erth      2%         10d2      100%        8
 Maxwell's Capacitive Co  Air            6%         ∞         100%        8
 Chain Lightning          Conj/Air       4%         3d5       100%        9
 Death's Door             Necr           2%         N/A       100%        9
 Dragon's Call            Summ           2%         N/A       100%        9
 Fire Storm               Conj/Fire      2%         8d1       100%        9
 Polar Vortex             Ice            2%         N/A       100%        9
 Shatter                  Erth           2%         3d6*      100%        9


Dungeon Overview and Level Annotations

Branches:
Dungeon (15/15)            Temple (1/1) D:4            Lair (5/5) D:9
  Swamp (4/4) Lair:3        Snake (4/4) Lair:3        Slime (5/5) Lair:4
    Orc (2/2) D:9             Elf (3/3) Orc:2        Vaults (5/5) D:14
  Crypt (3/3) Vaults:3       Tomb (3/3) Crypt:3      Depths (4/4) D:15
   Hell (visited)             Dis (7/7) Hell            Geh (7/7) Hell
    Coc (7/7) Hell            Tar (7/7) Hell            Zot (5/5) Depths:4
  Sewer (visited)           IceCv (visited)

Altars:
Ashenzari
Cheibriados
Dithmenos
Elyvilon
Fedhas
Gozag
Hepliaklqana
Kikubaaqudgha
Makhleb
Nemelex Xobeh
Okawaru
Qazlal
Ru
Sif Muna
Trog
Uskayaw
Vehumet
Wu Jian
Xom
Yredelemnul
Zin
The Shining One
Beogh
Ignis
Jiyva

Shops:
D:4 *   D:8 =   D:9 [((:!   D:12 *   Orc:2 (=[(   Elf:1 [[   Snake:4 [[
Vaults:3 (=(   Vaults:5 ?   Depths:1 :==

Portals:
Hell: Depths:1 Depths:2 Depths:3 Depths:4
Abyss: Depths:3
Pandemonium: Depths:2 Depths:4
Ziggurat: Depths:2


Innate Abilities, Weirdness & Mutations

You have razor-sharp teeth.
Your natural rate of healing is unusually fast.
When hurt, damage is shared between your health and your magic reserves.
Your bite disrupts and absorbs the magic of your enemies.
Potions cannot restore your health.
Your flesh is cold resistant. (rC+)
Your magical capacity is low. (-10% MP)
You are somewhat resistant to further mutation.


Message History

You bite the Tzitzimitl, but do no damage.
The Tzitzimitl is severely wounded.
You closely miss the Tzitzimitl.
You bite the Tzitzimitl, but do no damage.
You hit the Tzitzimitl but do no damage.
Your bite misses the Tzitzimitl.
The Tzitzimitl is severely wounded.
You hit the Tzitzimitl.
The Tzitzimitl convulses.
You bite the Tzitzimitl.
The Tzitzimitl's magic leaks into the air.
You drain its magic. You closely miss the Tzitzimitl.
You bite the Tzitzimitl, but do no damage.
The Tzitzimitl is severely wounded.
The Tzitzimitl falters for a moment.
You can now pass through a line of other dancers.
You hit the Tzitzimitl but do no damage.
You bite the Tzitzimitl!!
The Tzitzimitl's magic leaks into the air.
You drain its magic. You hit the Tzitzimitl.
The Tzitzimitl convulses.
Your bite misses the Tzitzimitl.
The Tzitzimitl is almost dead.
You closely miss the Tzitzimitl. You bite the Tzitzimitl.
You kill the Tzitzimitl!
There's nothing to close nearby.
You can't go up here!
Unknown command.
Unknown command.
Things that are here:
a +0 club; a +0 sling
There is a stone staircase leading up here.
You climb upwards.
There is a stone staircase leading down here.
You see here a +0 falchion.
You see here a +0 club.
There is a large open door here.
There is a staircase leading out of the dungeon here.
No target in view!
Okay, then.
Unknown command.
Okay, then.
You have escaped!

....#.# #..........#.##.. #####.#
############........ #.....#
###≈§≈≈≈≈### #.##.##..
#.##########§≈≈§§≈≈§§≈###........
.........##§§≈≈§≈#§≈≈§≈##..#.#...
...#####.##§≈#§§≈§≈§§§≈###.......
...# #.#§≈≈≈§§§§≈≈≈#≈≈###.#....
...## #.#≈§§§≈####§≈≈≈≈###......
....# #.#§§≈§§#@.......'.###....
....# #.#≈≈≈≈§#>.......'...)....
....# #.#≈≈≈≈≈####≈§§≈≈###......
....# #.#≈≈§≈≈≈§≈≈≈≈#≈≈# #......
....# #.##≈§#§≈≈≈≈≈≈≈≈## #......
....# #.##≈≈≈≈≈≈#≈≈≈§§# ###....
....####.###§§≈§≈§≈≈§≈## #....
.........# ###≈§≈≈≈≈### #....
...####### ######## #....


There were no monsters in sight!

Vanquished Creatures
  Cerebov (Pan)
  Antaeus (Coc:7)
  the Royal Jelly (Slime:5)
  Asmodeus (Geh:7)
  Gloorx Vloq (Pan)
  Ignacio (Pan)
  Ereshkigal (Tar:7)
  Mnoleg (Pan)
  Lom Lobon (Pan)
  the Serpent of Hell (Geh:7)
  15 dread liches
  Frederick (Depths:4)
  5 ancient liches
  Dispater (Dis:7)
  Mara (Swamp:3)
  3 orbs of fire (Zot:5)
  Mennas (Pan)
  The ghost of DANddo the Slayer, a legendary DrSh of Wu Jian (Zot:4)
  5 pandemonium lords (Pan)
  Khufu (Crypt:1)
  4 juggernauts
  The ghost of Axujocy the Slayer, a master DsHu of Okawaru (Zot:4)
  45 royal mummies
  Boris (thrice) (D:15 Crypt:1 Tomb:2)
  Josephina (Depths:2)
  The ghost of Zaguor the Conqueror, a master GrHu of Okawaru (Zot:4)
  7 Killer Klowns (Zot:5)
  9 shard shrikes
  the Lernaean hydra (Swamp:4)
  The ghost of Piquiwax the Shatterer, an adept OnIE of Cheibriados (Vaults:2)
  2 curse toes
  Geryon (Hell)
  22 caustic shrikes
  8 golden dragons
  the Enchantress (Depths:1)
  36 bone dragons
  Norris (Depths:2)
  5 profane servitors
  15 doom hounds
  3 spectral shard shrikes
  17 Tzitzimimeh
  10 iron giants
  15 Brimstone Fiends
  2 electric golems (Zot:5)
  21 Hell Sentinels
  20 tentacled monstrosities
  27 Orb Guardians
  2 shard shrike zombies
  Jorgrun (Elf:2)
  21 Ice Fiends
  Mlioglotl (Swamp:2)
  7 hellephants
  Zenata (Elf:3)
  A walking frostbound tome (Depths:4)
  14 searing wretches
  7 liches
  2 deep elf blademasters (Elf:3)
  18 titans
  4 quicksilver dragons
  Murray (Hell)
  22 tainted leviathans
  38 ancient champions
  2 deep elf master archers (Elf:3)
  12 death cobs
  31 acid blobs
  Frances (Swamp:2)
  32 Executioners (Pan)
  12 sphinxes
  2 tentacled starspawn (Abyss:3)
  An eldritch tentacle (Pan)
  13 shadow dragons
  3 fenstrider witches
  Donald (Swamp:2)
  The ghost of Hapel the Fencer, an adept CoBe of Trog (D:15)
  14 storm dragons
  Roxanne (Swamp:2)
  6 tengu reavers
  A daeva (Depths:2)
  12 nagarajas
  Aizul (Snake:1)
  32 fire giants
  12 narguns
  7 demonspawn warmongers (Pan)
  17 azure jellies
  5 revenants
  6 draconian scorchers
  20 draconian knights
  12 protean progenitors
  17 draconian monks
  17 vault wardens
  16 frost giants
  10 shard shrike simulacra
  6 draconian shifters
  13 rockslimes
  12 iron dragons
  19 quicksilver elementals
  11 deep elf sorcerers
  A ghost moth (Zot:3)
  43 balrugs
  Louise (Swamp:3)
  5 spectral caustic shrikes
  28 reapers
  7 deep elf elementalists (Elf:3)
  7 curse skulls
  9 draconian stormcallers
  4 ironbound thunderhulks
  12 demonspawn corrupters (Pan)
  18 ironbound preservers
  2 angels (Pan)
  3 caustic shrike zombies
  5 orc warlords
  24 cacodemons (Pan)
  10 quicksilver oozes
  3 spriggan defenders (Depths:1)
  23 ghouls
  22 very ugly things
  9 demonspawn blood saints (Pan)
  14 draconian annihilators
  21 stone giants
  4 formless jellyfish
  7 vampire knights
  5 eleionomae
  4 caustic shrike skeletons
  4 juggernaut skeletons (Pan)
  A starflower (Abyss:2)
  Nessos (D:12)
  12 demonspawn black suns
  10 lorocyprocas
  8 bennus
  27 putrid mouths
  4 bunyips
  23 elemental wellsprings
  6 deep elf death magi
  12 green draconians
  62 war gargoyles
  4 spark wasps (Depths:2)
  10 yellow draconians
  10 purple draconians
  A deep elf demonologist (Elf:3)
  20 red draconians
  21 white draconians
  12 black draconians
  8 deep elf annihilators
  2 spectral titans
  18 wendigos
  10 dire elephants
  12 green deaths (Pan)
  Snorg (D:11)
  39 iron golems
  16 blizzard demons
  A merfolk impaler (Depths:2)
  A spectral quicksilver dragon (Tar:3)
  28 eidola
  5 crystal guardians
  17 ettins
  25 mummy priests
  2 quicksilver dragon zombies
  13 fire dragons
  6 spectral spriggans
  10 deep elf high priests
  A spectral fenstrider witch (Tar:1)
  An entropy weaver (Vaults:5)
  5 jiangshi (Crypt:2)
  36 vault guards
  A spectral iron giant (Tar:4)
  A shambling mangrove (Swamp:4)
  2 spriggan zombies
  14 ice dragons
  21 yaktaur captains
  2 jorogumos
  A catoblepas (D:13)
  13 caustic shrike simulacra
  19 salamander tyrants
  15 great orbs of eyes
  7 ogre magi
  The ghost of AlexanderH the Destroyer, a journeyman DrEE of Vehumet (Lair:1)
  14 rakshasas
  8 ironbound frosthearts
  5 juggernaut simulacra
  6 death knights
  17 hydras
  7 peacekeepers
  5 spriggan air magi
  6 hell beasts
  10 alligators
  3 ghost crabs
  15 centaur warriors
  A spectral stone giant (Tar:3)
  4 boulder beetles
  A satyr (Pan)
  4 stokers
  33 two-headed ogres
  24 death scarabs
  71 hell hogs
  12 anacondas
  A fenstrider witch skeleton (Crypt:1)
  26 dancing weapons
  11 deep troll earth magi
  8 deep troll shamans
  15 naga warriors
  17 death yaks
  3 tengu warriors
  2 thrashing horrors
  6 holy swine (Pan)
  4 vampire magi
  2 orc high priests
  6 spriggan berserkers
  26 hell knights
  4 naga sharpshooters (Snake:3)
  5 demonic crawlers (Pan)
  8 shock serpents
  21 crystal echidnas
  A fire crab (Lair:4)
  An occultist (D:15)
  22 soul eaters
  13 deep elf knights
  79 sun demons
  9 skysharks
  7 wretched stars
  Amaemon (D:10)
  6 goliath frogs
  16 shadow wraiths
  25 sixfirhies
  7 hellephant skeletons (Pan)
  2 salamander mystics
  A spectral anaconda (Lair:5)
  14 deep elf archers
  2 death drakes (Pan)
  45 skeletal warriors
  8 iron trolls
  35 deep trolls
  7 quicksilver dragon simulacra
  Lodul (D:12)
  2 anaconda zombies (Hell)
  2 spectral death yaks (Lair:5)
  A storm dragon skeleton (Crypt:2)
  A shadow dragon zombie (Crypt:2)
  11 mana vipers
  A bunyip zombie (Tomb:3)
  7 naga ritualists
  7 bog bodies
  2 swamp dragons (shapeshifter)
  4 arcanists
  An orange crystal statue (IceCv)
  11 flayed ghosts
  An orb spider (shapeshifter) (Depths:1)
  4 glowing orange brains
  23 shadow demons
  3 spriggan druids
  A bunyip skeleton (Tomb:3)
  An obsidian statue (Lair:5)
  A spriggan simulacrum (Depths:2)
  7 sun moths (Pan)
  A golden dragon skeleton (Depths:2)
  4 harpies (Vaults:3)
  18 necromancers
  33 phantasmal warriors
  3 orb spiders (Zot:2)
  2 spectral iron dragons
  2 obsidian bats (Orc:2)
  17 lindwurms
  15 swamp dragons
  34 ironbound convokers
  An alligator zombie (Hell)
  34 deep elf pyromancers
  5 wolf spiders
  A spectral merfolk (Tar:2)
  2 thermic dynamos (Zot:1)
  A shadow dragon skeleton (Depths:2)
  3 manticores
  28 deep elf zephyrmancers
  A stone giant zombie (Crypt:3)
  12 orc knights
  A shining eye (shapeshifter) (Vaults:5)
  2 orc sorcerers
  37 ugly things
  14 salamanders
  17 cyclopes
  An oklob plant (Tar:3)
  An iron dragon zombie (Crypt:3)
  9 shining eyes
  38 moths of wrath
  3 worldbinders
  A tengu skeleton (Depths:2)
  A salamander (shapeshifter) (Vaults:5)
  2 iron dragon skeletons (Dis:1)
  26 elephants
  A meliai (shapeshifter) (D:13)
  3 will-o-the-wisps
  A shock serpent zombie (Crypt:2)
  3 rust devils (Pan)
  Joseph (D:8)
  2 kobold blastminers (Orc:2)
  2 alligator skeletons
  5 guardian serpents
  A spectral centaur (Tar:2)
  3 meliai (D:15)
  An apocalypse crab (Abyss:2)
  A frost giant skeleton (Depths:2)
  A stone giant skeleton (Tomb:1)
  32 orange demons
  6 titan simulacra
  14 naga magi
  16 vault sentinels
  3 dire elephant zombies
  4 centaur zombies
  4 torpor snails
  57 black mambas
  61 smoke demons
  11 cane toads
  3 ice statues
  6 eyes of devastation
  3 centaur skeletons
  Maggie (D:9)
  10 molten gargoyles
  26 hellions
  44 large abominations
  4 gargoyles
  5 efreet (Pan)
  A sea snake zombie (Hell)
  A rime drake (shapeshifter) (D:14)
  14 rime drakes (IceCv)
  11 komodo dragons
  13 freezing wraiths
  5 anaconda simulacra
  A kobold demonologist (D:13)
  33 yaktaurs
  A tengu conjurer (Depths:2)
  An iron giant simulacrum (Coc:7)
  A great orb of eyes zombie (Crypt:1)
  40 tormentors
  A spectral naga (Tar:5)
  4 red devils (Pan)
  Psyche (D:11)
  6 spectral harpies
  A hydra zombie (Crypt:2)
  2 golden dragon simulacra
  A harpy zombie (Crypt:2)
  5 ice devils (Pan)
  43 guardian mummies
  9 trolls
  A queen bee (shapeshifter) (Elf:2)
  4 silent spectres
  3 ancient zymes
  A shadow dragon simulacrum (Coc:2)
  3 tengu simulacra
  A troll (shapeshifter) (D:13)
  20 hellwings (Pan)
  12 tyrant leeches
  34 polar bears
  5 jumping spiders (Crypt:3)
  16 wind drakes (Pan)
  10 hornets
  7 glass eyes
  5 human skeletons (Vaults:4)
  A harpy skeleton (Crypt:2)
  3 raiju (Abyss:1)
  A hydra skeleton (Hell)
  2 stone giant simulacra
  13 blink frogs
  3 iron dragon simulacra
  A radroach zombie (Crypt:2)
  14 dream sheep
  An ettin zombie (Crypt:1)
  A human simulacrum (Crypt:2)
  A fire giant simulacrum (Vaults:2)
  A meliai zombie (Crypt:1)
  A culicivora (shapeshifter) (Vaults:3)
  119 slime creatures
  A black mamba zombie (Crypt:3)
  Sigmund (D:6)
  A spriggan (shapeshifter) (D:13)
  11 spriggans
  A vampire (D:13)
  3 fire dragon skeletons
  28 ynoxinuls
  An ettin skeleton (Tomb:2)
  2 shadows
  22 water elementals
  6 air elementals
  8 wyverns
  A yak (shapeshifter) (D:13)
  59 yaks
  11 wraiths
  3 dire elephant simulacra
  A naga simulacrum (Coc:6)
  An ice dragon skeleton (Crypt:1)
  6 basilisks
  5 starcursed masses (Abyss:3)
  2 fire elementals
  34 ushabtiu
  21 golden eyes
  8 wargs (Orc:2)
  27 neqoxecs
  15 vampire mosquitoes
  An alligator snapping turtle simulacrum (Tar:3)
  3 redbacks (Crypt:3)
  A sea snake simulacrum (Hell)
  2 death yak simulacra (Lair:5)
  20 chaos spawn (Pan)
  30 nagas
  15 harpy simulacra
  10 swamp worms
  Edmund (D:5)
  A spectral cane toad (Lair:5)
  6 acid dragons
  A hell hound (Abyss:2)
  A naga skeleton (Tomb:3)
  7 naga zombies
  3 hydra simulacra
  18 water moccasins
  38 orc warriors
  2 ice beasts (D:6)
  A swamp drake (shapeshifter) (D:13)
  10 swamp drakes
  2 sky beasts
  A merfolk simulacrum (Coc:1)
  10 black bears
  29 laughing skulls
  4 ettin simulacra
  21 wolves
  12 centaurs
  An elephant zombie (Lair:5)
  6 small abominations
  A tengu (shapeshifter) (Vaults:4)
  42 ogres
  2 phantoms
  2 weeping skulls (Abyss:3)
  13 bullfrogs
  A brain worm (Abyss:3)
  3 earth elementals (Elf:2)
  9 scorpions
  2 cane toad simulacra (Lair:5)
  A komodo dragon skeleton (Crypt:2)
  13 wights (Crypt:3)
  A yaktaur skeleton (Crypt:1)
  3 wyvern skeletons (Crypt:3)
  A warg skeleton (Crypt:1)
  5 killer bees
  2 swamp dragon simulacra
  3 elephant simulacra (Lair:5)
  5 howler monkeys
  3 bombardier beetles
  6 electric eels
  A lava snake (D:13)
  2 hounds
  2 quasits
  A gnoll bouda (D:3)
  10 jellies
  15 orc priests
  2 iron imps (Abyss:2)
  A sleepcap (D:6)
  5 iguanas
  Ijyb (D:3)
  21 orc wizards
  Natasha (thrice) (D:2)
  A hell rat (Lair:4)
  A boggart skeleton (Crypt:2)
  A sky beast zombie (Crypt:2)
  64 mummies
  16 gnolls
  10 adders
  A river rat (Sewer)
  2 white imps
  3 ufetubi (Abyss:3)
  2 dart slugs (D:3)
  3 ribbon worms
  69 orcs
  9 ball pythons
  7 bats
  12 endoplasms
  8 giant cockroaches
  11 goblins
  5 hobgoblins
  8 jackals
  7 quokkas
  A ball python zombie (Crypt:2)
  6 frilled lizards
  A jackal skeleton (Crypt:1)
  A jackal zombie (Crypt:2)
  9 kobolds
  A kobold skeleton (Crypt:2)
  12 rats
  6 aspiring fleshes
  4 creeping infernos
  23 fire vortices
  6 starspawn tentacles
4750 creatures vanquished.

Vanquished Creatures (collateral kills)
  A naga ritualist (Snake:4)
  A guardian serpent (Snake:4)
  A freezing wraith (D:8)
  A tyrant leech (Swamp:2)
  2 nagas (Snake:4)
  A swamp worm (Swamp:2)
7 creatures vanquished.

Vanquished Creatures (others)
  A nargun (Coc:3)
  A draconian knight (Zot:4)
  3 shard shrike simulacra (Coc:4)
  A cacodemon (Pan)
  2 wendigos (Coc:4)
  A green death (Pan)
  3 caustic shrike simulacra
  2 juggernaut simulacra (Coc:4)
  A hell knight (Depths:1)
  An iron troll (Depths:1)
  A goliath frog (Swamp:2)
  4 spriggan simulacra
  A deep elf pyromancer (D:14)
  An ugly thing (Depths:1)
  A moth of wrath (Zot:3)
  A smoke demon (Pan)
  2 hellions
  A bunyip simulacrum (Coc:2)
  An anaconda simulacrum (Coc:6)
  A golden dragon simulacrum (Coc:4)
  An iron giant simulacrum (Coc:2)
  A polar bear (IceCv)
  2 bloated husks (Swamp:2)
  A tyrant leech (Swamp:2)
  A slime creature (Pan)
  2 dire elephant simulacra (Coc:4)
  6 harpy simulacra
  A hydra simulacrum (Coc:7)
  An ettin simulacrum (Coc:7)
  A small abomination (Abyss:3)
  2 creeping infernos (Geh:5)
  8 foxfires
  A lurking horror (Abyss:3)
  3 starspawn tentacles
61 creatures vanquished.

Grand Total: 4818 creatures vanquished

Notes
Turn   | Place    | Note
-------+----------+-------------------------------------------
     0 | D:1      | Lovepenguin the Vine Stalker Berserker began the quest for
                  | the Orb.
     0 | D:1      | Reached XP level 1. HP: 11/11 MP: 2/2
    94 | D:1      | Reached XP level 2. HP: 16/16 MP: 3/3
   376 | D:1      | Reached XP level 3. HP: 15/19 MP: 2/4
   620 | D:1      | Reached ** piety under Trog
  1158 | D:2      | Reached XP level 4. HP: 22/24 MP: 3/5
  1164 | D:2      | Noticed Natasha
  1172 | D:2      | Killed Natasha
  1311 | D:2      | Noticed Natasha
  1322 | D:2      | Killed Natasha
  1364 | D:2      | Reached XP level 5. HP: 25/28 MP: 3/6
  1397 | D:2      | Noticed Natasha
  1408 | D:2      | Killed Natasha
  1579 | D:3      | Found a glowing golden altar of the Shining One.
  1623 | D:3      | Noticed Ijyb
  1681 | D:3      | Killed Ijyb
  1883 | D:3      | Reached *** piety under Trog
  1970 | D:3      | Reached skill level 1 in Shields
  1970 | D:3      | Reached XP level 6. HP: 32/32 MP: 7/7
  1988 | D:3      | Noticed a black bear
  2479 | D:3      | Reached XP level 7. HP: 32/37 MP: 8/8
  2566 | D:4      | Found Noiliv's CLEARANCE SALE!.
  2574 | D:4      | Bought a +0 helmet for 9 gold pieces
  2628 | D:4      | Found a sparkling altar of Nemelex Xobeh.
  2800 | D:4      | Found a staircase to the Ecumenical Temple.
  2806 | Temple   | Entered the Ecumenical Temple
  2838 | D:5      | Entered Level 5 of the Dungeon
  2935 | D:5      | Noticed Edmund
  2950 | D:5      | Killed Edmund
  2951 | D:5      | Reached skill level 5 in Short Blades
  3013 | D:5      | Found a transporter.
  3017 | D:5      | Found a transporter.
  3080 | D:5      | Gained mutation: You have razor-sharp teeth. [Vine Stalker
                  | growth]
  3080 | D:5      | Reached XP level 8. HP: 42/42 MP: 9/9
  3661 | D:6      | Noticed Sigmund
  3678 | D:6      | Killed Sigmund
  3754 | D:6      | Reached **** piety under Trog
  3772 | D:6      | Reached XP level 9. HP: 19/46 MP: 2/10
  3783 | D:6      | Found a glowing drain.
  3810 | Sewer    | Entered a sewer
  3838 | Sewer    | Reached skill level 5 in Fighting
  3965 | Sewer    | Found a viscous altar of Jiyva.
  4124 | D:6      | Reached ***** piety under Trog
  4228 | D:6      | Found an iron altar of Okawaru.
  4240 | D:6      | Found a radiant altar of Vehumet.
  4293 | D:6      | Found a hide-covered altar of Uskayaw.
  4804 | D:7      | Found a stormy altar of Qazlal.
  5444 | D:8      | Noticed a hornet
  5444 | D:8      | Noticed Joseph
  5455 | D:8      | Killed a hornet
  5464 | D:8      | Noticed a death knight
  5478 | D:8      | Found a broken altar of Ashenzari.
  5515 | D:8      | Killed Joseph
  5516 | D:8      | Reached skill level 5 in Armour
  5516 | D:8      | Reached XP level 10. HP: 53/53 MP: 8/11
  5628 | D:8      | Reached skill level 5 in Dodging
  5706 | D:8      | Found a hazy altar of Hepliaklqana.
  5800 | D:8      | Noticed a skeletal warrior
  5928 | D:8      | Found Afiss's Jewellery Shoppe.
  5952 | D:8      | Found a sparkling altar of Nemelex Xobeh.
  6058 | D:8      | Found a shimmering altar of Xom.
  6059 | D:8      | Found a shimmering blue altar of Sif Muna.
  6236 | D:7      | Killed a death knight
  6237 | D:7      | Reached skill level 5 in Shields
  6298 | D:8      | Killed a skeletal warrior
  6435 | D:9      | Found Azaoh's Antique Weapon Shop.
  6442 | D:9      | Bought a glowing rapier for 245 gold pieces
  6460 | D:9      | Noticed Maggie
  6479 | D:9      | Killed Maggie
  6512 | D:9      | Found Qegi's Armour Shoppe.
  6584 | D:9      | Found Itiz's Antique Weapon Emporium.
  6597 | D:9      | Found a staircase to the Lair.
  6641 | D:9      | Reached XP level 11. HP: 58/58 MP: 12/12
  6715 | D:9      | Found Ufeoll's Book Shop.
  6747 | D:9      | Found Ciyxkep's Distillery.
  6751 | D:9      | Bought a potion of might for 56 gold pieces
  7363 | D:9      | Found a staircase to the Orcish Mines.
  7472 | D:10     | Entered Level 10 of the Dungeon
  7861 | D:10     | Found a snail-covered altar of Cheibriados.
  7886 | D:10     | Noticed Amaemon
  8131 | D:10     | Found a shadowy altar of Dithmenos.
  8135 | D:10     | Found a glowing silver altar of Zin.
  8136 | D:10     | Found a burning altar of Makhleb.
  8298 | D:10     | Killed Amaemon
  8299 | D:10     | Reached skill level 10 in Short Blades
  8787 | D:11     | Noticed Psyche
  8794 | D:11     | Killed Psyche
  8998 | D:11     | Noticed Snorg
  9006 | D:11     | Killed Snorg
  9007 | D:11     | Reached XP level 12. HP: 64/64 MP: 13/13
  9258 | D:12     | Noticed a two-headed ogre
  9287 | D:12     | Killed a two-headed ogre
  9449 | D:12     | Noticed Nessos
  9469 | D:12     | Killed Nessos
  9602 | D:12     | Identified the ring of Ozeodudwe {Wiz rC- Dex+2 SInv
                  | Stlth+}
  9635 | D:12     | Found Izeimipu's Changing Room.
  9644 | D:12     | Noticed Lodul
  9668 | D:12     | Killed Lodul
  9728 | D:12     | Bought a potion of lignification for 51 gold pieces
 10386 | D:13     | Identified the maw talisman of the World {rF+ Dex+2}
 10407 | D:13     | Noticed a two-headed ogre
 10414 | D:13     | Killed a two-headed ogre
 10428 | D:13     | Noticed a centaur warrior
 10443 | D:13     | Killed a centaur warrior
 10590 | D:13     | Identified the ring "Qaqeko" {rPois Str+6 SInv}
 10620 | D:13     | Noticed a tengu warrior
 10635 | D:13     | Killed a tengu warrior
 10728 | D:13     | Noticed a two-headed ogre
 10756 | D:13     | Reached XP level 13. HP: 65/70 MP: 14/14
 10818 | D:13     | Noticed a deep elf annihilator
 10835 | D:13     | Killed a deep elf annihilator
 11100 | D:13     | Identified the ring of Imutagoh {rElec rN++ AC+4 Int+3
                  | Dex-5}
 11513 | D:9      | Bought a potion of cancellation for 112 gold pieces
 11513 | D:9      | Bought a potion of invisibility for 112 gold pieces
 11514 | D:9      | Bought a potion of might for 56 gold pieces
 11514 | D:9      | Bought a potion of curing for 42 gold pieces
 12346 | D:14     | Noticed a vault guard
 12358 | D:14     | Killed a vault guard
 12596 | D:14     | Found a gate to the Vaults.
 12942 | D:15     | Entered Level 15 of the Dungeon
 13115 | D:15     | Found a transporter.
 13117 | D:15     | Noticed Hapel's ghost (adept CoBe)
 13118 | D:15     | Identified the +9 great mace "Raveg" {flame, Str+3 SInv}
 13118 | D:15     | Noticed a fire giant
 13119 | D:15     | Found a transporter.
 13120 | D:15     | Noticed a frost giant
 13320 | D:15     | Found a shimmering altar of Xom.
 13447 | D:15     | Found a shimmering altar of Xom.
 13488 | D:15     | Reached skill level 10 in Fighting
 13674 | D:15     | Reached XP level 14. HP: 77/77 MP: 15/15
 13855 | D:15     | Found a staircase to the Depths.
 14358 | Orc:1    | Entered Level 1 of the Orcish Mines
 14605 | Orc:2    | Entered Level 2 of the Orcish Mines
 14857 | Orc:2    | Found a roughly hewn altar of Beogh.
 14912 | Orc:2    | Found a roughly hewn altar of Beogh.
 15120 | Orc:2    | Found a roughly hewn altar of Beogh.
 15128 | Orc:2    | Found Xitwujog's Weapon Shoppe.
 15148 | Orc:2    | Found a staircase to the Elven Halls.
 15240 | Orc:2    | Found a roughly hewn altar of Beogh.
 15269 | Orc:2    | Found Amning's Jewellery Shoppe.
 15327 | Orc:2    | Found a roughly hewn altar of Beogh.
 15567 | Orc:2    | Noticed an orc warlord
 15597 | Orc:2    | Killed an orc warlord
 15729 | Orc:2    | Found Utouroz's Antique Weapon Shoppe.
 15730 | Orc:2    | Found a roughly hewn altar of Beogh.
 15733 | Orc:2    | Found Qyqur's Antique Armour Emporium.
 15830 | Orc:2    | Found a roughly hewn altar of Beogh.
 15834 | Orc:2    | Found Amning's Jewellery Shoppe.
 15842 | Orc:2    | Found a staircase to the Elven Halls.
 15856 | Orc:2    | Found a roughly hewn altar of Beogh.
 15861 | Orc:2    | Found Xitwujog's Weapon Shoppe.
 15913 | Orc:2    | Found a roughly hewn altar of Beogh.
 16008 | Orc:2    | Found a roughly hewn altar of Beogh.
 16046 | Orc:2    | Found a roughly hewn altar of Beogh.
 16213 | Orc:2    | Found Utouroz's Antique Weapon Shoppe.
 16214 | Orc:2    | Found a roughly hewn altar of Beogh.
 16217 | Orc:2    | Found Qyqur's Antique Armour Emporium.
 16418 | Orc:1    | You fall into a shaft and drop 1 floor!
 16719 | Orc:1    | Reached skill level 10 in Shields
 16863 | Orc:1    | Found a bloodstained altar of Trog.
 17116 | Lair:1   | Entered Level 1 of the Lair of Beasts
 17175 | D:8      | Bought an amulet of regeneration for 360 gold pieces
 17334 | Lair:1   | Received a gift from Trog
 17831 | Lair:1   | Reached skill level 15 in Short Blades
 17848 | Lair:1   | Reached XP level 15. HP: 81/81 MP: 16/16
 17905 | Lair:1   | Found a transporter.
 17905 | Lair:1   | Noticed AlexanderH's ghost (journeyman DrEE)
 17933 | Lair:1   | Found a transporter.
 17943 | Lair:1   | Identified the +2 cloak of Jad Fieb {Rampage rCorr Int-4}
 18285 | Lair:1   | Reached skill level 10 in Armour
 19285 | Lair:3   | Found a staircase to the Swamp.
 19511 | Lair:3   | Reached ****** piety under Trog
 19532 | Lair:3   | Received a gift from Trog
 19532 | Lair:3   | Found the +8 arc blade {discharge, rElec}
 19574 | Lair:3   | Found a staircase to the Snake Pit.
 19964 | Lair:4   | Found a viscous altar of Jiyva.
 19965 | Lair:4   | Found a staircase to the Slime Pits.
 20034 | Lair:5   | Entered Level 5 of the Lair of Beasts
 20065 | Lair:5   | Identified the +8 war axe of Fortitude {drain, rPois MP+9
                  | Int+2}
 20984 | Lair:5   | Reached XP level 16. HP: 82/88 MP: 17/17
 21111 | Lair:5   | Got an earthy gem with 248 turns to spare
 21367 | Lair:5   | Lost the earthy gem through the power of Zot.
 21562 | Lair:4   | Received a gift from Trog
 21792 | Lair:4   | Identified the ring "Yvvuxyun" {Fire rN+ Int-4 SInv}
 23085 | D:9      | Bought the +8 plate armour "Kuetzew" {Will+} for 982 gold
                  | pieces
 23370 | Snake:1  | Entered Level 1 of the Snake Pit
 23691 | Snake:1  | Identified the +4 dagger of Freehold {flame, Str+3 SInv}
                  | (Trog gifted it to you on level 1 of the Snake Pit)
 23691 | Snake:1  | Received a gift from Trog
 24016 | Snake:1  | You fall into a shaft and drop 1 floor!
 24292 | Snake:2  | Got the Incunabulum of Icebound Jinxing
 25287 | Snake:1  | Identified the serpent talisman of Valour {Dex+3}
 25287 | Snake:1  | Noticed Aizul
 25437 | Snake:1  | Killed Aizul
 25438 | Snake:1  | Reached XP level 17. HP: 94/94 MP: 18/18
 26116 | Snake:3  | Received a gift from Trog
 26691 | Snake:4  | Entered Level 4 of the Snake Pit
 26882 | Snake:4  | Identified the +2 chain mail of Zuatimogo {-Tele rElec
                  | Str+3 Int+4}
 26996 | Snake:4  | Found Itirph's Armour Shop.
 27018 | Snake:4  | Found Evvikumo's Armour Shop.
 27152 | Snake:4  | Bought a +1 pair of boots of stealth for 346 gold pieces
 27267 | Snake:4  | Received a gift from Trog
 27308 | Snake:4  | Reached XP level 18. HP: 23/101 MP: 6/19
 27444 | Snake:4  | Identified the +1 robe "Fidyini" {rF+ rN+ Int+5}
 27816 | Snake:4  | Noticed a quicksilver dragon
 27835 | Snake:4  | Killed a quicksilver dragon
 27948 | Snake:4  | Got a serpentine rune of Zot
 28640 | Swamp:1  | Entered Level 1 of the Swamp
 28836 | Swamp:1  | You fall into a shaft and drop 1 floor!
 28837 | Swamp:2  | Noticed Roxanne
 29044 | Swamp:2  | Noticed Mlioglotl
 29048 | Swamp:2  | Noticed Frances
 29067 | Swamp:2  | Killed Frances
 29155 | Swamp:2  | Received a gift from Trog
 29234 | Swamp:2  | Killed Mlioglotl
 29739 | Swamp:2  | Killed Roxanne
 29945 | Swamp:1  | Got the Parchment of Combustion
 30298 | Swamp:3  | Noticed Louise
 30332 | Swamp:3  | Noticed Donald
 30369 | Swamp:2  | Killed Donald
 30576 | Swamp:3  | Killed Louise
 30608 | Swamp:3  | Noticed Mara
 30623 | Swamp:3  | Killed Mara
 30624 | Swamp:3  | Reached skill level 10 in Dodging
 30720 | Swamp:3  | Noticed a tentacled monstrosity
 30732 | Swamp:3  | Killed a tentacled monstrosity
 30751 | Swamp:3  | Identified the +8 orcbow of Moral Flaws {freeze, rN+ Will+
                  | Dex+4}
 30837 | Swamp:3  | Reached XP level 19. HP: 106/107 MP: 20/20
 31061 | Swamp:4  | Entered Level 4 of the Swamp
 31071 | Swamp:4  | Reached skill level 15 in Fighting
 31101 | Swamp:4  | Received a gift from Trog
 31188 | Swamp:4  | Found a glacial archway.
 31207 | IceCv    | Entered an ice cave
 31342 | IceCv    | Identified the +2 robe of Kueryam {Rampage rF- Int+3}
 32329 | Swamp:4  | Noticed the 27-headed Lernaean hydra
 32430 | Swamp:4  | Killed the 27-headed Lernaean hydra
 32742 | Swamp:4  | Got a decaying rune of Zot
 33181 | Vaults:1 | Entered Level 1 of the Vaults
 33493 | D:6      | Fell from the grace of Trog
 33493 | D:6      | Became a worshipper of Uskayaw the Reveller
 33736 | Vaults:1 | Reached * piety under Uskayaw
 33740 | Vaults:1 | Reached ** piety under Uskayaw
 33743 | Vaults:1 | Reached *** piety under Uskayaw
 33787 | Vaults:1 | Reached **** piety under Uskayaw
 33845 | Vaults:1 | Reached skill level 1 in Invocations
 33934 | Vaults:1 | Reached ***** piety under Uskayaw
 34282 | Vaults:1 | Reached XP level 20. HP: 114/114 MP: 22/22
 34823 | Vaults:2 | Reached ****** piety under Uskayaw
 35242 | Vaults:2 | Identified the +1 ice dragon scales "Cuymez" {rF- rC++
                  | Int+4}
 35330 | Vaults:2 | Found a transporter.
 35331 | Vaults:2 | Noticed Piquiwax's ghost (adept OnIE)
 35342 | Vaults:2 | Noticed a dread lich
 35367 | Vaults:2 | Found a transporter.
 35547 | Vaults:2 | Identified the death talisman of Patterns {rC+ rCorr}
 35852 | Vaults:2 | Killed a dread lich
 36781 | Vaults:3 | Paralysed by Trog for 5 turns
 36797 | Vaults:3 | Paralysed by Trog for 5 turns
 36922 | Vaults:3 | You fall into a shaft and drop 1 floor!
 37322 | Vaults:3 | Reached XP level 21. HP: 120/120 MP: 25/25
 37691 | Vaults:3 | Found Juazal's Antique Weapon Boutique.
 37778 | Vaults:3 | Found a staircase to the Crypt.
 37828 | Vaults:3 | Found Elecapimn's Magic Scroll Shoppe.
 37837 | Vaults:3 | Bought a scroll of teleportation for 63 gold pieces
 37837 | Vaults:3 | Bought a scroll of blinking for 157 gold pieces
 37837 | Vaults:3 | Bought a scroll of teleportation for 63 gold pieces
 37837 | Vaults:3 | Bought a scroll of immolation for 84 gold pieces
 37837 | Vaults:3 | Bought a scroll of teleportation for 63 gold pieces
 37837 | Vaults:3 | Bought a scroll of revelation for 157 gold pieces
 37837 | Vaults:3 | Bought a scroll of fear for 84 gold pieces
 37875 | Vaults:3 | Found Diytadops's Magic Scroll Emporium.
 37878 | Vaults:3 | Bought a scroll of enchant armour for 142 gold pieces
 37878 | Vaults:3 | Bought a scroll of poison for 76 gold pieces
 37878 | Vaults:3 | Bought a scroll of revelation for 142 gold pieces
 37878 | Vaults:3 | Bought a scroll of teleportation for 57 gold pieces
 37878 | Vaults:3 | Bought a scroll of fog for 76 gold pieces
 37878 | Vaults:3 | Bought a scroll of identify for 38 gold pieces
 37878 | Vaults:3 | Bought a scroll of amnesia for 76 gold pieces
 37878 | Vaults:3 | Bought a scroll of teleportation for 57 gold pieces
 37906 | Vaults:3 | Found Ygreibe's Jewellery Shop.
 37907 | Vaults:3 | Found Imalobel's Weapon Shoppe.
 37970 | Vaults:3 | Identified the +7 dagger "Amiker" {drain, ^Contam Dex+3
                  | Stlth+}
 37992 | Vaults:3 | Identified the +5 hand axe "Xudo" {heavy, Str+4 Dex-2}
 37993 | Vaults:3 | Identified the staff of Gium {rElec Int+3 SInv Air}
 38005 | Vaults:3 | Identified the ring of the Enemy {rPois rCorr Str-3 SInv}
 38241 | Vaults:3 | Reached skill level 5 in Invocations
 38688 | Vaults:4 | Identified the +0 pair of boots of Obliuwke {+Inv Will++
                  | Str+4 Dex-2}
 39890 | Vaults:4 | Identified the +1 scale mail of the Peculiar Stars {Regen+}
 40190 | Vaults:4 | Reached XP level 22. HP: 109/127 MP: 23/27
 40738 | D:15     | Killed Hapel's ghost
 40829 | D:15     | Paralysed by Trog for 2 turns
 41027 | Lair:1   | Killed AlexanderH's ghost
 41296 | Vaults:2 | Killed Piquiwax's ghost
 41299 | Vaults:2 | Identified the ring "Kiecut" {rCorr MP+9 Str+3 Int+4 Dex-4}
 41700 | Elf:1    | Entered Level 1 of the Elven Halls
 42037 | Elf:1    | Reached skill level 15 in Shields
 42400 | Elf:1    | Was forgiven by Trog
 42409 | Elf:1    | Identified the +1 pair of gloves of the Clam {^Drain Int+8
                  | Dex-3}
 42610 | Elf:1    | Found Ziut's Antique Armour Shop.
 42619 | Elf:1    | Bought a pair of polished gloves for 275 gold pieces
 42619 | Elf:1    | Identified the +4 pair of gloves of Death's Door {rC+
                  | rCorr} (You bought it in a shop on level 1 of the Elven
                  | Halls)
 42619 | Elf:1    | Bought a shiny helmet for 217 gold pieces
 42662 | Elf:1    | Found Toblulune's Armour Shoppe.
 42844 | Elf:2    | Noticed Jorgrun
 42860 | Elf:2    | Killed Jorgrun
 42958 | Elf:2    | Identified the +5 scale mail "Sediss" {rF+ rCorr}
 43136 | Elf:2    | Found a runed translucent gate.
 43136 | Elf:2    | Found a runed translucent gate.
 43136 | Elf:2    | Found a runed translucent gate.
 43784 | Elf:3    | Entered Level 3 of the Elven Halls
 43884 | Elf:3    | Noticed Zenata
 43915 | Elf:3    | Killed Zenata
 44406 | Elf:3    | Paralysed by an air elemental for 1 turns
 44646 | Elf:3    | Reached XP level 23. HP: 117/134 MP: 29/29
 45382 | Elf:3    | Got Sif Muna's Encyclopedia of the Mesa and Spectres
 45392 | Elf:3    | Identified the +6 shortbow "Sojaik" {speed, rC+ Str-2 Int+6
                  | Stlth-}
 45411 | Elf:3    | Identified the +7 ice dragon scales of the Stallion {rElec
                  | rPois rF- rC++}
 45413 | Elf:3    | Got the Secrets of Assistive Anthracomancy
 45426 | Elf:3    | Got Sitim's Catalogue of Incendiary Chilblains
 45930 | Depths:1 | Entered Level 1 of the Depths
 46099 | Depths:1 | Identified the +3 robe of the Evening {rF+ Regen+ Int+4
                  | Stlth+}
 46099 | Depths:1 | Noticed Boris
 46472 | Vaults:5 | Entered Level 5 of the Vaults
 46526 | Vaults:5 | Noticed a golden dragon
 46602 | Vaults:5 | Identified the +1 war axe of Viohacayxi {heavy, *Slow
                  | +Blink Stlth+}
 46624 | Vaults:5 | Killed a golden dragon
 46628 | Vaults:5 | Noticed a golden dragon
 46635 | Vaults:5 | Killed a golden dragon
 46722 | Vaults:5 | Identified the +2 leather armour "Yruos" {Regen+}
 46728 | Vaults:5 | Noticed a dread lich
 46741 | Vaults:5 | Killed a dread lich
 46819 | Vaults:5 | Identified the +0 robe of Music {Str-4 Int+4}
 46821 | Vaults:5 | Identified the +3 bardiche "Akhle" {elec, rN+ rCorr Str-2
                  | Int+3}
 46900 | Vaults:5 | Identified the +5 demon blade "Nufuots" {pain, Fly rElec
                  | rCorr Dex-4}
 46910 | Vaults:5 | Noticed a dread lich
 46923 | Vaults:5 | Killed a dread lich
 46926 | Vaults:5 | Reached XP level 24. HP: 140/140 MP: 30/30
 47113 | Vaults:5 | Identified the +5 glaive of World's End {heavy, rF+ Dex+3
                  | SInv}
 47193 | Vaults:5 | Got a silver rune of Zot
 47250 | Vaults:5 | Got Sazyxt's Dissertation on Subspace
 47345 | Vaults:5 | Identified the +3 eveningstar of Purpose {drain, rElec
                  | rPois Dex+2}
 47516 | Vaults:5 | Found Salehuf's Magic Scroll Shoppe.
 47524 | Vaults:5 | Bought a scroll of immolation for 88 gold pieces
 47524 | Vaults:5 | Bought a scroll of enchant armour for 165 gold pieces
 47524 | Vaults:5 | Bought a scroll of brand weapon for 209 gold pieces
 47524 | Vaults:5 | Bought a scroll of poison for 88 gold pieces
 47524 | Vaults:5 | Bought a scroll of revelation for 165 gold pieces
 48631 | D:15     | Killed Boris
 48971 | Depths:1 | Noticed the Enchantress
 48999 | Depths:1 | Killed the Enchantress
 49073 | Depths:1 | Reached skill level 10 in Invocations
 49107 | Depths:1 | Found Ymoll's Book Boutique.
 49107 | Depths:1 | Found Ceshisy's Jewellery Shoppe.
 49108 | Depths:1 | Found Cergh's Jewellery Shoppe.
 49126 | Depths:1 | Found a gateway to Hell.
 49216 | Depths:1 | Identified the +4 hand axe of Focus {antimagic, Str+5
                  | Int-3}
 49349 | Depths:1 | Noticed a royal mummy
 49460 | Depths:1 | Killed a royal mummy
 49503 | Depths:1 | Found a hide-covered altar of Uskayaw.
 49583 | Depths:1 | Noticed a royal mummy
 49595 | Depths:1 | Killed a royal mummy
 49604 | Depths:1 | Noticed a royal mummy
 49620 | Depths:1 | Killed a royal mummy
 49624 | Depths:1 | Found the +7 sceptre of Torment {pain, torment}
 49868 | Depths:2 | Reached XP level 25. HP: 145/146 MP: 31/31
 49927 | Depths:2 | Noticed Norris
 49948 | Depths:2 | Killed Norris
 49981 | Depths:2 | Found a sacrificial altar of Ru.
 49996 | Depths:2 | Found a one-way gateway to a ziggurat.
 50250 | Depths:2 | Identified the ring of the Ladybird {Ice rPois rCorr}
 50250 | Depths:2 | Noticed Josephina
 50262 | Depths:2 | Killed Josephina
 50583 | Depths:2 | Found a one-way gate leading to the halls of Pandemonium.
 51222 | Depths:3 | Found a one-way gate to the infinite horrors of the Abyss.
 51309 | Depths:3 | Reached skill level 15 in Armour
 51816 | Depths:3 | Found a transporter.
 51820 | Depths:3 | Found a transporter.
 51821 | Depths:3 | Found a viscous altar of Jiyva.
 51989 | Depths:3 | Identified the ring of Deownom {rN+ Will+ rCorr Int-2
                  | Slay+3}
 52011 | Depths:4 | Entered Level 4 of the Depths
 52773 | Depths:4 | Found a gate to the Realm of Zot.
 53018 | Depths:4 | Reached XP level 26. HP: 154/154 MP: 32/32
 53143 | Depths:4 | Identified the orb of the Distant Future {light, rCorr
                  | Str-5 Dex+7 SInv}
 53143 | Depths:4 | Noticed Frederick
 53154 | Depths:4 | Killed Frederick
 53242 | Zot:1    | Entered Level 1 of the Realm of Zot
 54504 | Zot:2    | Noticed an orb of fire
 55431 | Zot:2    | Reached XP level 27. HP: 161/161 MP: 33/33
 55543 | Zot:3    | Reached skill level 15 in Dodging
 55545 | Zot:3    | Identified the +2 flail of Umoc {freeze, MP+9 Str+2}
 56858 | Zot:4    | Found a runed translucent gate.
 56859 | Zot:4    | Found a runed translucent gate.
 56859 | Zot:4    | Noticed Axujocy's ghost (master DsHu)
 56859 | Zot:4    | Noticed a dread lich
 56860 | Zot:4    | Found a runed translucent gate.
 56861 | Zot:4    | Found an ancient bone altar of Kikubaaqudgha.
 56861 | Zot:4    | Noticed DANddo's ghost (legendary DrSh)
 56861 | Zot:4    | Noticed Zaguor's ghost (master GrHu)
 56862 | Zot:4    | Noticed an ancient lich
 57096 | Zot:4    | Noticed a dread lich
 57117 | Zot:4    | Killed a dread lich
 57127 | Zot:4    | Noticed a dread lich
 57307 | Zot:4    | Killed a dread lich
 57356 | Zot:4    | Identified the +7 plate armour "Duf Ajug" {SInv}
 57396 | Zot:4    | Found a candlelit altar of Ignis.
 57424 | Zot:4    | Identified the +0 sling "Ykiqiq" {speed, rN++}
 57695 | Zot:2    | Gained mutation: You occasionally lose the ability to read
                  | scrolls when taking damage. [an orb of fire]
 58290 | Zot:5    | Entered Level 5 of the Realm of Zot
 58580 | Zot:5    | Noticed an orb of fire
 58582 | Zot:5    | Noticed an orb of fire
 58590 | Zot:5    | Gained mutation: Your spells are a little easier to cast,
                  | but a little less powerful. [an orb of fire]
 58848 | Zot:4    | Lost mutation: You occasionally lose the ability to read
                  | scrolls when taking damage. [potion of mutation]
 58848 | Zot:4    | Lost mutation: Your spells are a little easier to cast, but
                  | a little less powerful. [potion of mutation]
 58848 | Zot:4    | Gained mutation: You occasionally lose the ability to drink
                  | potions when taking damage. [potion of mutation]
 58848 | Zot:4    | Gained mutation: You are robust. (+10% HP) [potion of
                  | mutation]
 58980 | Zot:5    | Noticed a dread lich
 58984 | Zot:5    | Noticed an orb of fire
 59005 | Zot:5    | Gained mutation: You sometimes lose your temper in combat.
                  | [an orb of fire]
 59012 | Zot:5    | Killed an orb of fire
 59027 | Zot:5    | Killed an orb of fire
 59194 | Zot:5    | Killed a dread lich
 59398 | Zot:5    | Killed an orb of fire
 59799 | Zot:5    | Lost mutation: You sometimes lose your temper in combat.
                  | [potion of mutation]
 59799 | Zot:5    | Lost mutation: You are robust. (+10% HP) [potion of
                  | mutation]
 59799 | Zot:5    | Gained mutation: You are vulnerable to heat. (rF-) [potion
                  | of mutation]
 59799 | Zot:5    | Gained mutation: Your muscles are strong. (Str +4, Int/Dex
                  | -1) [potion of mutation]
 59799 | Zot:5    | Gained mutation: You are clumsy. (Dex -2) [potion of
                  | mutation]
 59799 | Zot:5    | Gained mutation: You are partially covered in large bone
                  | plates. (SH +4) [potion of mutation]
 59800 | Zot:5    | Lost mutation: You are clumsy. (Dex -2) [potion of
                  | mutation]
 59800 | Zot:5    | Lost mutation: You are partially covered in large bone
                  | plates. (SH +4) [potion of mutation]
 59800 | Zot:5    | Gained mutation: Your system is resistant to poisons.
                  | (rPois) [potion of mutation]
 59800 | Zot:5    | Gained mutation: You are agile. (Dex +4, Str/Int -1)
                  | [potion of mutation]
 59801 | Zot:5    | Lost mutation: You occasionally lose the ability to drink
                  | potions when taking damage. [potion of mutation]
 59801 | Zot:5    | Lost mutation: You are vulnerable to heat. (rF-) [potion of
                  | mutation]
 59801 | Zot:5    | Lost mutation: Your system is resistant to poisons. (rPois)
                  | [potion of mutation]
 59801 | Zot:5    | Gained mutation: Your body sometimes deteriorates upon
                  | taking damage. [potion of mutation]
 59801 | Zot:5    | Gained mutation: Your flesh is cold resistant. (rC+)
                  | [potion of mutation]
 59801 | Zot:5    | Gained mutation: You passively map a small area around you.
                  | [potion of mutation]
 59801 | Zot:5    | Gained mutation: You are very agile. (Dex +8, Str/Int -2)
                  | [potion of mutation]
 59948 | Zot:5    | Noticed a dread lich
 59958 | Zot:5    | Killed a dread lich
 60447 | Slime:1  | Entered Level 1 of the Pits of Slime
 62941 | Slime:4  | Gained mutation: You occasionally lose the ability to read
                  | scrolls when taking damage. [a shining eye]
 63105 | Slime:4  | Gained mutation: You sometimes lose the ability to read
                  | scrolls when taking damage. [a shining eye]
 63611 | Slime:4  | Found a viscous altar of Jiyva.
 63816 | Slime:5  | Entered Level 5 of the Pits of Slime
 63875 | Slime:5  | Noticed the Royal Jelly
 63883 | Slime:5  | Found a viscous altar of Jiyva.
 63897 | Slime:5  | Killed the Royal Jelly
 64228 | Slime:5  | Identified the ring of Autumn {rElec rPois rN++ Int-3}
 64230 | Slime:5  | Identified the +4 ring mail of the Orcish Mines {rC- Str+6}
 64232 | Slime:5  | Got the Directory of Conjuring
 64251 | Slime:5  | Identified the staff "Jefeat" {rPois Int+2 Alchemy}
 64300 | Slime:5  | Identified the amulet "Isudip" {Spirit rPois}
 64314 | Slime:5  | Identified the ring "Zenougy" {Will+ Str+2 Dex+6 SInv
                  | Stlth+}
 64324 | Slime:5  | Got the Opusculum on Flying Damage
 64325 | Slime:5  | Identified the +7 great mace "Nugucera" {heavy, Int+3}
 64326 | Slime:5  | Identified the amulet "Yrhall" {Spirit rF+ rN+}
 64328 | Slime:5  | Identified the +8 great sword of Severance {venom, ^Contam
                  | rF+ MP+9 Dex+4}
 64361 | Slime:5  | Identified the +5 plate armour of Zaangeth {Dex+5}
 64362 | Slime:5  | Identified the +5 short sword of Ydeogrul {freeze, rN++
                  | Dex-2}
 64376 | Slime:5  | Got a slimy rune of Zot
 64378 | Slime:5  | Identified the ring of the Heavens {Wiz rElec Stlth+}
 64387 | Slime:5  | Identified the staff "Birchexa" {rPois rC+ Dex+2 Ice Earth}
 64388 | Slime:5  | Identified the staff "Giantbane" {rF+ Int+3 Necro Earth}
 64575 | Slime:5  | Gained mutation: You are vulnerable to heat. (rF-) [a
                  | shining eye]
 65726 | D:15     | Lost mutation: Your flesh is cold resistant. (rC+) [potion
                  | of mutation]
 65726 | D:15     | Lost mutation: Your body sometimes deteriorates upon taking
                  | damage. [potion of mutation]
 65726 | D:15     | Gained mutation: You are strong-willed. (Will+) [potion of
                  | mutation]
 65726 | D:15     | Gained mutation: You are frail. (-10% HP) [potion of
                  | mutation]
 65726 | D:15     | Gained mutation: Your muscles are very strong. (Str +8,
                  | Int/Dex -2) [potion of mutation]
 65727 | D:15     | Lost mutation: You sometimes lose the ability to read
                  | scrolls when taking damage. [potion of mutation]
 65727 | D:15     | Lost mutation: You are very agile. (Dex +8, Str/Int -2)
                  | [potion of mutation]
 65727 | D:15     | Gained mutation: You are dopey. (Int -2) [potion of
                  | mutation]
 65728 | D:15     | Lost mutation: You are frail. (-10% HP) [potion of
                  | mutation]
 65728 | D:15     | Lost mutation: You are strong-willed. (Will+) [potion of
                  | mutation]
 65728 | D:15     | Lost mutation: Your muscles are very strong. (Str +8,
                  | Int/Dex -2) [potion of mutation]
 65728 | D:15     | Gained mutation: You passively map the area around you.
                  | [potion of mutation]
 65729 | D:15     | Lost mutation: You passively map the area around you.
                  | [potion of mutation]
 65729 | D:15     | Lost mutation: You are agile. (Dex +4, Str/Int -1) [potion
                  | of mutation]
 65729 | D:15     | Gained mutation: You expend magic power (3 MP) to
                  | strengthen your wands. [potion of mutation]
 65729 | D:15     | Gained mutation: Your muscles are very strong. (Str +8,
                  | Int/Dex -2) [potion of mutation]
 65729 | D:15     | Gained mutation: You are partially covered in iridescent
                  | scales. (AC +2) [potion of mutation]
 65730 | D:15     | Lost mutation: Your muscles are very strong. (Str +8,
                  | Int/Dex -2) [potion of mutation]
 65730 | D:15     | Lost mutation: You are dopey. (Int -2) [potion of mutation]
 65730 | D:15     | Lost mutation: You occasionally lose the ability to read
                  | scrolls when taking damage. [potion of mutation]
 65730 | D:15     | Gained mutation: You occasionally shout uncontrollably at
                  | your foes. [potion of mutation]
 65731 | D:15     | Lost mutation: You expend magic power (3 MP) to strengthen
                  | your wands. [potion of mutation]
 65731 | D:15     | Lost mutation: You occasionally shout uncontrollably at
                  | your foes. [potion of mutation]
 65731 | D:15     | Lost mutation: You are vulnerable to heat. (rF-) [potion of
                  | mutation]
 65731 | D:15     | Lost mutation: You are partially covered in iridescent
                  | scales. (AC +2) [potion of mutation]
 65731 | D:15     | Gained mutation: You are frail. (-10% HP) [potion of
                  | mutation]
 65732 | D:15     | Lost mutation: You passively map a small area around you.
                  | [potion of mutation]
 65732 | D:15     | Lost mutation: You are frail. (-10% HP) [potion of
                  | mutation]
 65732 | D:15     | Lost mutation: Your muscles are strong. (Str +4, Int/Dex
                  | -1) [potion of mutation]
 65732 | D:15     | Gained mutation: Your magical capacity is low. (-10% MP)
                  | [potion of mutation]
 65732 | D:15     | Gained mutation: You occasionally lose the ability to read
                  | scrolls when taking damage. [potion of mutation]
 65732 | D:15     | Gained mutation: You are robust. (+10% HP) [potion of
                  | mutation]
 65732 | D:15     | Gained mutation: You have sharp toenails. [potion of
                  | mutation]
 65733 | D:15     | Lost mutation: You occasionally lose the ability to read
                  | scrolls when taking damage. [potion of mutation]
 65733 | D:15     | Lost mutation: You are robust. (+10% HP) [potion of
                  | mutation]
 65733 | D:15     | Gained mutation: You are somewhat resistant to further
                  | mutation. [potion of mutation]
 65733 | D:15     | Gained mutation: Your flesh is cold resistant. (rC+)
                  | [potion of mutation]
 65783 | Depths:3 | Voluntarily entered the Abyss.
 65969 | Abyss:2  | Found a corrupted altar of Lugonu.
 65973 | Abyss:2  | Found a corrupted altar of Lugonu.
 65973 | Abyss:2  | Found a corrupted altar of Lugonu.
 66059 | Abyss:2  | Reached skill level 15 in Invocations
 66060 | Abyss:2  | Found a corrupted altar of Lugonu.
 66256 | Abyss:2  | Found a blossoming altar of Fedhas.
 66444 | Abyss:3  | Found a blossoming altar of Fedhas.
 66449 | Abyss:3  | Found a corrupted altar of Lugonu.
 66678 | Abyss:3  | Got an abyssal rune of Zot
 66809 | Depths:3 | Escaped the Abyss
 67578 | Zot:4    | Killed an ancient lich
 67599 | Zot:4    | Killed Axujocy's ghost
 67604 | Zot:4    | Killed DANddo's ghost
 67615 | Zot:4    | Killed Zaguor's ghost
 67617 | Zot:4    | Killed a dread lich
 67635 | Zot:4    | Identified the +1 hat of Beyond {-Tele Harm Str+4 Dex+4
                  | Slay-3}
 67638 | Zot:4    | Identified the ring of Daillo {^Drain Int+4 SInv}
 67765 | Hell     | Entered the Vestibule of Hell
 67765 | Hell     | Noticed Geryon
 67781 | Hell     | Killed Geryon
 67804 | Hell     | Noticed Murray
 67816 | Hell     | Killed Murray
 67897 | Hell     | Found a gateway to the Iron City of Dis.
 67994 | Hell     | Found a gateway to the ashen valley of Gehenna.
 68051 | Hell     | Found a gateway to the decaying netherworld of Tartarus.
 68141 | Hell     | Found a gateway to the freezing wastes of Cocytus.
 68525 | Crypt:1  | Entered Level 1 of the Crypt
 68960 | Crypt:1  | Identified the +3 robe of Gluttony {Rampage Str+2}
 68960 | Crypt:1  | Noticed Boris
 68971 | Crypt:1  | Killed Boris
 68972 | Crypt:1  | Reached skill level 27 in Short Blades
 69117 | Crypt:1  | Noticed Khufu
 69117 | Crypt:1  | Noticed a royal mummy
 69126 | Crypt:1  | Killed Khufu
 69127 | Crypt:1  | Killed a royal mummy
 69128 | Crypt:1  | Noticed a royal mummy
 69133 | Crypt:1  | Killed a royal mummy
 70190 | Crypt:3  | Entered Level 3 of the Crypt
 70602 | Crypt:3  | Identified the amulet "Vodghaf" {RegenMP+ Str+3}
 70604 | Crypt:3  | Identified the ring "Iqorijo" {rPois rF+ Dex+4}
 70606 | Crypt:3  | Identified the +4 sling of the Whelk {flame, +Blink Int-3
                  | Dex+3}
 70609 | Crypt:3  | Identified the +6 quarterstaff of Karma {vamp, Will+ Int+3
                  | Stlth-}
 70620 | Crypt:3  | Identified the +11 fire dragon scales "Keysh" {rF++ rC-
                  | Str+2}
 70623 | Crypt:3  | Got Zonguldrok's Compendium of Unhallowed Words
 70923 | Crypt:3  | Found a basalt altar of Yredelemnul.
 71261 | Crypt:3  | Found a staircase to the Tomb.
 71831 | Crypt:3  | Identified the +4 dagger of the Ancient Xenophobes
                  | {antimagic, rN+ rCorr Str+4 Int-5}
 72262 | Pan      | Entered Pandemonium
 72693 | Pan      | Noticed Toog the pandemonium lord
 72706 | Pan      | Killed Toog the pandemonium lord
 72884 | Pan      | Identified the +9 mace "Nakuff" {heavy, Int+2}
 72948 | Pan      | Got a demonic rune of Zot
 73094 | Pan      | Noticed Ignacio
 73103 | Pan      | Killed Ignacio
 73119 | Pan      | Gained mutation: Armour fits poorly on your strangely
                  | shaped body. [a neqoxec]
 73472 | Pan      | Found an exit through the horrors of the Abyss.
 73477 | Pan      | Found an ancient bone altar of Kikubaaqudgha.
 73567 | Pan      | Noticed Piugin the pandemonium lord
 73601 | Pan      | Killed Piugin the pandemonium lord
 73675 | Pan      | Noticed Fepea the pandemonium lord
 73687 | Pan      | Killed Fepea the pandemonium lord
 73836 | Pan      | Identified the +5 whip of Conversion {heavy, rF+ Str+2
                  | Int+6}
 73846 | Pan      | Learned a level 2 spell: Blink
 73850 | Pan      | Learned a level 3 spell: Confusing Touch
 73855 | Pan      | Learned a level 4 spell: Passage of Golubria
 73861 | Pan      | Learned a level 5 spell: Silence
 73869 | Pan      | Learned a level 7 spell: Enfeeble
 73879 | Pan      | Learned a level 8 spell: Discord
 73905 | Pan      | Noticed Mennas
 73915 | Pan      | Killed Mennas
 73928 | Pan      | Reached skill level 1 in Spellcasting
 73928 | Pan      | Reached skill level 1 in Air Magic
 73992 | Pan      | Reached skill level 1 in Hexes
 74006 | Pan      | Reached skill level 1 in Translocations
 74216 | Pan      | Found a transporter.
 74414 | Pan      | Found an exit through the horrors of the Abyss.
 74608 | Pan      | Identified the +0 robe of Hunwior {rN+ Str+4 Dex+3}
 74810 | Pan      | Found a transporter.
 75030 | Pan      | Learned a level 4 spell: Vhi's Electric Charge
 75172 | Pan      | Identified the ring "Soickiut" {Ice rN+ Str+5}
 75179 | Pan      | Identified the ring of the Coward {rPois rC- rN+ SInv}
 75215 | Pan      | Identified a scroll of acquirement
 75286 | Pan      | Acquired a manual of Air Magic
 75445 | Pan      | Noticed Xacocut the pandemonium lord
 75468 | Pan      | Killed Xacocut the pandemonium lord
 75477 | Pan      | Entered the realm of Cerebov.
 75870 | Pan      | Found an exit through the horrors of the Abyss.
 75881 | Pan      | Identified the scarf of the Crypt {shadows, Int+6}
 75949 | Pan      | Identified the +8 gold dragon scales "Ucineybe" {+Blink
                  | rPois rF+ rC+ Regen+ Int-5}
 75949 | Pan      | Identified the amulet "Laeggiu" {rPois Regen+ rCorr}
 76187 | Pan      | Found the +6 sword of Cerebov {flame}
 76187 | Pan      | Noticed Cerebov
 76188 | Pan      | Killed Cerebov
 76189 | Pan      | Reached skill level 5 in Air Magic
 76321 | Pan      | Got Rekhama's Quarto of Carcasses
 76457 | Pan      | Got a fiery rune of Zot
 76478 | Pan      | Identified the amulet "Kammimn" {Regen+ Str+5}
 76489 | Pan      | Identified the +5 broad axe of Reinforcement {protect, rF+
                  | Int+5}
 76520 | Pan      | Identified the staff "Diok" {rElec rPois rC- rN+ rCorr
                  | Int+3 Alchemy}
 76601 | Pan      | Took an exit into the Abyss.
 76601 | Abyss:3  | Escaped into the Abyss
 76603 | Abyss:3  | Found a corrupted altar of Lugonu.
 76607 | Depths:2 | Escaped the Abyss
 77026 | Pan      | Entered the realm of Mnoleg.
 77026 | Pan      | Entered Pandemonium
 77026 | Pan      | Noticed Mnoleg
 77038 | Pan      | Killed Mnoleg
 77179 | Pan      | Reached skill level 5 in Spellcasting
 77379 | Pan      | Gained mutation: You are dopey. (Int -2) [a cacodemon]
 77706 | Pan      | Found an exit through the horrors of the Abyss.
 77770 | Pan      | Reached skill level 5 in Translocations
 77772 | Pan      | Reached skill level 5 in Hexes
 77819 | Pan      | Got a glowing rune of Zot
 77845 | Pan      | Identified the +0 pair of boots "Vaohaxia" {rF+}
 78087 | Depths:2 | Escaped Pandemonium
 78088 | Depths:2 | Lost mutation: You have sharp toenails. [potion of
                  | mutation]
 78088 | Depths:2 | Lost mutation: You are dopey. (Int -2) [potion of mutation]
 78088 | Depths:2 | Lost mutation: Armour fits poorly on your strangely shaped
                  | body. [potion of mutation]
 78090 | Pan      | Entered Pandemonium
 78181 | Pan      | Found an exit through the horrors of the Abyss.
 78202 | Pan      | Entered the realm of Gloorx Vloq.
 78322 | Pan      | Noticed Gloorx Vloq
 78331 | Pan      | Killed Gloorx Vloq
 78332 | Pan      | Reached skill level 27 in Fighting
 78431 | Pan      | Got a dark rune of Zot
 79151 | Pan      | Noticed Goudixusm the pandemonium lord
 79184 | Pan      | Killed Goudixusm the pandemonium lord
 79193 | Pan      | Found an exit through the horrors of the Abyss.
 80260 | Pan      | Found an exit through the horrors of the Abyss.
 80307 | Pan      | Found a transporter.
 80553 | Pan      | Found a transporter.
 80557 | Pan      | Identified the ring of Faroevuv {rElec rCorr Int+6}
 80572 | Pan      | Found a transporter.
 80572 | Pan      | Found a transporter.
 80604 | Pan      | Found a transporter.
 81014 | Pan      | Identified the +1 helmet of the Clam {Rampage Str+2 Dex+3}
 81148 | Depths:2 | Escaped Pandemonium
 81289 | Pan      | Entered the realm of Lom Lobon.
 81289 | Pan      | Entered Pandemonium
 81620 | Pan      | Found an exit through the horrors of the Abyss.
 81957 | Pan      | Noticed Lom Lobon
 81959 | Pan      | Killed Lom Lobon
 82011 | Pan      | Got a magical rune of Zot
 82233 | Depths:2 | Escaped Pandemonium
 82305 | Coc:1    | Entered Level 1 of Cocytus
 83465 | Coc:2    | Paralysed by a wendigo for 1 turns
 84357 | Coc:5    | You fall into a shaft and drop 1 floor!
 84716 | Coc:7    | Entered Level 7 of Cocytus
 84769 | Coc:7    | Noticed an ancient lich
 84789 | Coc:7    | Paralysed by a wendigo for 1 turns
 84799 | Coc:7    | Paralysed by a wendigo for 1 turns
 84966 | Coc:7    | Noticed Antaeus
 84995 | Coc:7    | Reached skill level 10 in Spellcasting
 85049 | Coc:7    | Paralysed by a wendigo for 1 turns
 85057 | Coc:7    | Paralysed by a wendigo for 1 turns
 85142 | Coc:7    | Killed an ancient lich
 85235 | Coc:7    | Paralysed by a wendigo for 1 turns
 85338 | Coc:7    | Got the Incunabulum of the Cucurbite
 85343 | Coc:7    | Got the Spellbook of the Athanor
 86028 | Coc:7    | Killed Antaeus
 86036 | Coc:7    | Identified the amulet "Xoipt" {Acrobat ^Fragile Will+ rCorr
                  | Slay+6}
 86039 | Coc:7    | Got an icy rune of Zot
 86053 | Coc:7    | Identified the +0 leather armour "Vofo" {Fly rCorr Dex-3}
 86399 | Geh:1    | Entered Level 1 of Gehenna
 87846 | Geh:6    | Lost intelligence.
 88200 | Geh:7    | Entered Level 7 of Gehenna
 88819 | Geh:7    | Identified the +7 mace "Giantslayer" {flame, rPois}
 88838 | Geh:7    | Noticed the Serpent of Hell
 88864 | Geh:7    | Killed the Serpent of Hell
 88988 | Geh:7    | Found the +13 sceptre of Asmodeus
 88988 | Geh:7    | Noticed Asmodeus
 88990 | Geh:7    | Killed Asmodeus
 89013 | Geh:7    | Got an obsidian rune of Zot
 89069 | Geh:7    | Got the Elucidation of the Wereyak
 89097 | Geh:7    | Got the Incunable of Generation
 89760 | Tar:1    | Entered Level 1 of Tartarus
 90772 | Tar:5    | Noticed a dread lich
 90782 | Tar:5    | Killed a dread lich
 91285 | Tar:7    | Entered Level 7 of Tartarus
 91522 | Tar:7    | Noticed Ereshkigal
 91546 | Tar:7    | Identified the +1 hat of the Valley of Death {Int+2}
 91866 | Tar:7    | Noticed a dread lich
 91877 | Tar:7    | Noticed a dread lich
 91880 | Tar:7    | Killed a dread lich
 91977 | Tar:7    | Noticed an ancient lich
 91978 | Tar:7    | Noticed a dread lich
 91985 | Tar:7    | Killed an ancient lich
 91986 | Tar:7    | Killed a dread lich
 91992 | Tar:7    | Identified the staff "Diarchit" {rF+ Str+3 Tloc Fire}
 92055 | Tar:7    | Killed Ereshkigal
 92402 | Tar:7    | Killed a dread lich
 92476 | Tar:7    | Got Cif Fash's Papyrus of Alpine Production
 92573 | Tar:7    | Identified the +6 morningstar of Vaor {elec, Will- Str+2
                  | Int+3 Dex+3}
 92575 | Tar:7    | Identified the +11 arbalest of Gozag's Brutal Revenge
                  | {elec, Int+2 Stlth+}
 92581 | Tar:7    | Got the Incunabulum of the Coarse Map
 92662 | Tar:7    | Got a bone rune of Zot
 92861 | Dis:1    | Entered Level 1 of the Iron City of Dis
 92861 | Dis:1    | Noticed an ancient lich
 92875 | Dis:1    | Killed an ancient lich
 93430 | Dis:2    | Noticed a royal mummy
 93441 | Dis:2    | Killed a royal mummy
 93461 | Dis:2    | Noticed a dread lich
 93462 | Dis:2    | Noticed an ancient lich
 93475 | Dis:2    | Killed an ancient lich
 93475 | Dis:2    | Killed a dread lich
 93580 | Dis:2    | Noticed a royal mummy
 93595 | Dis:2    | Killed a royal mummy
 93636 | Dis:2    | Noticed a royal mummy
 93644 | Dis:2    | Killed a royal mummy
 93657 | Dis:2    | Noticed a royal mummy
 93667 | Dis:2    | Killed a royal mummy
 93827 | Dis:3    | Reached skill level 27 in Shields
 94007 | Dis:3    | You fall into a shaft and drop 3 floors!
 94180 | Dis:6    | Reached skill level 15 in Spellcasting
 94219 | Dis:3    | Lost intelligence.
 94438 | Dis:4    | Found a burning altar of Makhleb.
 94888 | Dis:5    | Noticed a juggernaut
 94888 | Dis:5    | Noticed a dread lich
 94902 | Dis:5    | Killed a dread lich
 94904 | Dis:5    | Killed a juggernaut
 94986 | Dis:5    | Noticed a dread lich
 94999 | Dis:5    | Killed a dread lich
 95167 | Dis:7    | Entered Level 7 of the Iron City of Dis
 95808 | Dis:7    | Noticed a juggernaut
 95825 | Dis:7    | Killed a juggernaut
 96218 | Dis:7    | Noticed a juggernaut
 96228 | Dis:7    | Killed a juggernaut
 96903 | Dis:7    | Identified the ring "Xogoci" {rC- Int+7 Dex+6}
 96903 | Dis:7    | Noticed Dispater
 96903 | Dis:7    | Noticed a juggernaut
 96908 | Dis:7    | Killed Dispater
 96920 | Dis:7    | Killed a juggernaut
 96986 | Dis:7    | Identified the +1 chain mail "Opsojyss" {*Slow rPois Str+3
                  | Dex+3}
 96989 | Dis:7    | Got an iron rune of Zot
 97512 | Vaults:3 | Bought the ring of Liberty {rC+ rCorr SInv} for 519 gold
                  | pieces
 97909 | Orc:2    | Bought the +7 hand cannon "Mule" {flame, backblast, rF+}
                  | for 995 gold pieces
 97909 | Orc:2    | Found the +7 hand cannon "Mule" {flame, backblast, rF+}
 97909 | Orc:2    | Bought the +8 whip "Snakebite" {venom, curare, rPois} for
                  | 975 gold pieces
 97909 | Orc:2    | Found the +8 whip "Snakebite" {venom, curare, rPois}
 97909 | Orc:2    | Bought a jewelled sling for 117 gold pieces
 97909 | Orc:2    | Identified the +7 sling "Larphuor" {drain, rN+ Will- Int+5}
                  | (You bought it in a shop on level 2 of the Orcish Mines)
 97909 | Orc:2    | Bought a transparent flail for 153 gold pieces
 97909 | Orc:2    | Identified the +8 flail "Lad Fion" {vamp, *Noise rElec
                  | Will+++ Stlth-} (You bought it in a shop on level 2 of the
                  | Orcish Mines)
 97946 | Orc:2    | Bought the blade talisman "Udiockob" {rPois rF+ Int+3} for
                  | 2094 gold pieces
 97997 | Elf:1    | Bought the +0 chain mail "Dunti" {Str-4 Int+4 Slay+2} for
                  | 298 gold pieces
 98230 | D:12     | Bought the granite talisman of the Lotus Blossom {Will+
                  | Stlth+} for 2626 gold pieces
 98355 | Depths:1 | Bought the ring "Tunk" {rPois EV+5} for 849 gold pieces
 98355 | Depths:1 | Bought the amulet of Heamuf {*Slow rPois Regen+ RegenMP+
                  | Int+4} for 792 gold pieces
 98619 | Vaults:3 | Bought an ichor-stained falchion for 216 gold pieces
 98619 | Vaults:3 | Identified the +12 falchion of Ravage {pain, rC+ Str+3
                  | Int+3} (You bought it in a shop on level 3 of the Vaults)
 99159 | Tomb:1   | Entered Level 1 of the Tomb of the Ancients
 99505 | Tomb:1   | Identified the +0 plate armour of the Flute {-Tele Will+
                  | Int+6 Dex+3}
 99542 | Tomb:1   | Noticed a royal mummy
 99568 | Tomb:1   | Killed a royal mummy
 99866 | Tomb:1   | Identified the +1 hand axe of Feaz {flame, rPois Dex+6}
 99952 | Tomb:2   | Noticed a royal mummy
 99960 | Tomb:2   | Killed a royal mummy
 99961 | Tomb:2   | Reached skill level 27 in Invocations
 99981 | Tomb:2   | Identified the +2 robe of Daisies {^Drain Regen+ Int+5}
 99981 | Tomb:2   | Noticed Boris
 99984 | Tomb:2   | Noticed a royal mummy
 99984 | Tomb:2   | Noticed a royal mummy
 99985 | Tomb:2   | Noticed a royal mummy
 99992 | Tomb:2   | Killed Boris
 99997 | Tomb:2   | Killed a royal mummy
100003 | Tomb:2   | Killed a royal mummy
100011 | Tomb:2   | Killed a royal mummy
100326 | Tomb:2   | Learned a level 1 spell: Apportation
100482 | Tomb:1   | Noticed a royal mummy
100486 | Tomb:1   | Killed a royal mummy
100487 | Tomb:1   | Reached skill level 1 in Evocations
100495 | Tomb:1   | Noticed a royal mummy
100500 | Tomb:1   | Killed a royal mummy
100514 | Tomb:1   | Noticed a royal mummy
100520 | Tomb:1   | Killed a royal mummy
100521 | Tomb:1   | Noticed a royal mummy
100528 | Tomb:1   | Killed a royal mummy
100529 | Tomb:1   | Noticed a royal mummy
100535 | Tomb:1   | Killed a royal mummy
100538 | Tomb:1   | Noticed a royal mummy
100544 | Tomb:1   | Killed a royal mummy
100546 | Tomb:1   | Noticed a royal mummy
100552 | Tomb:1   | Killed a royal mummy
100552 | Tomb:1   | Noticed a royal mummy
100557 | Tomb:1   | Killed a royal mummy
100560 | Tomb:1   | Noticed a royal mummy
100569 | Tomb:1   | Killed a royal mummy
100581 | Tomb:1   | Noticed a royal mummy
100585 | Tomb:1   | Noticed a royal mummy
100594 | Tomb:1   | Killed a royal mummy
100597 | Tomb:1   | Killed a royal mummy
100602 | Tomb:1   | Noticed a royal mummy
100607 | Tomb:1   | Noticed a royal mummy
100615 | Tomb:1   | Killed a royal mummy
100620 | Tomb:1   | Killed a royal mummy
100658 | Tomb:1   | Noticed a royal mummy
100658 | Tomb:1   | Noticed a royal mummy
100665 | Tomb:1   | Noticed a royal mummy
100667 | Tomb:1   | Killed a royal mummy
100667 | Tomb:1   | Lost intelligence.
100667 | Tomb:1   | Noticed a royal mummy
100674 | Tomb:1   | Killed a royal mummy
100675 | Tomb:1   | Killed a royal mummy
100675 | Tomb:1   | Noticed a royal mummy
100683 | Tomb:1   | Killed a royal mummy
100684 | Tomb:1   | Reached skill level 5 in Evocations
100691 | Tomb:1   | Killed a royal mummy
100852 | Tomb:1   | Noticed a royal mummy
100868 | Tomb:1   | Killed a royal mummy
100907 | Tomb:1   | Noticed a royal mummy
100916 | Tomb:1   | Killed a royal mummy
100938 | Tomb:1   | Noticed a royal mummy
100946 | Tomb:1   | Killed a royal mummy
100957 | Tomb:1   | Noticed a royal mummy
100965 | Tomb:1   | Killed a royal mummy
102829 | Tomb:3   | Entered Level 3 of the Tomb of the Ancients
102835 | Tomb:3   | Noticed a royal mummy
102841 | Tomb:3   | Killed a royal mummy
102845 | Tomb:3   | Noticed a royal mummy
102846 | Tomb:3   | Noticed a royal mummy
102854 | Tomb:3   | Killed a royal mummy
103031 | Tomb:3   | Noticed a royal mummy
103034 | Tomb:3   | Noticed a royal mummy
103042 | Tomb:3   | Killed a royal mummy
103167 | Tomb:3   | Killed a royal mummy
103175 | Tomb:3   | Killed a royal mummy
103438 | Tomb:3   | Noticed a royal mummy
103445 | Tomb:3   | Killed a royal mummy
103462 | Tomb:3   | Noticed a royal mummy
103579 | Tomb:3   | Killed a royal mummy
103685 | Tomb:3   | Got a golden rune of Zot
103699 | Tomb:3   | Noticed a royal mummy
103707 | Tomb:3   | Killed a royal mummy
103708 | Tomb:3   | Noticed a royal mummy
103714 | Tomb:3   | Killed a royal mummy
103941 | Tomb:3   | Got the Handbook of Liminal Incandescence
104095 | Tomb:3   | Identified the +5 spear "Byrchud" {flame, rC- Str+5}
104096 | Tomb:3   | Identified the staff of Sharkskin {rElec rPois rN+ rCorr
                  | Alchemy}
104097 | Tomb:3   | Identified the +0 helmet of a Labyrinth {rC+ MP+9}
104098 | Tomb:3   | Identified the ring of Starshine {Ice Will+ Dex+3}
104102 | Tomb:3   | Got the Handbook of Ouranomancy and Calling
104125 | Tomb:3   | Got the Lessons on Collective Force
104127 | Tomb:3   | Got the Commentary on the Energetic Wind
105111 | Zot:5    | Got the Orb of Zot
105666 | D:$      | Escaped with the Orb!

Illustrated notes

Levels and vault maps discovered:
D:1:      lightli_molten_gateway, layout_basic
D:2:      minmay_kobold_bridge, layout_loops_ring, uniq_natasha
D:3:      kennysheep_the_goblin_king, layout_rooms,
          nicolae_tso_carved_into_rock, lightli_corner_chamber
D:4:      layout_cave_pools, minmay_temple_entry_fiery, serial_park,
          serial_park_square2, serial_park_fountain, serial_park_tiny_1,
          serial_park_square2, serial_park_square2, nicolae_shop_clearance
D:5:      gammafunk_steamed_eel, layout_loops_ring, uniq_edmund
D:6:      layout_basic, fiery_altar_vehumet, mainiacjoe_overflow_boulevard,
          okawaru_gym_becter, gup_sewer_entry_pipe, sigmund_army
D:7:      layout_gridville, mainiacjoe_overflow_brackets
D:8:      layout_rooms, nicolae_hepliaklqana_hazy_memory,
          mainiacjoe_overflow_surrounded_room,
          mainiacjoe_overflow_cross_hatched, gammafunk_temple_overflow_pools,
          serial_shops, shop, uniq_joseph
D:9:      layout_long_grid, minmay_lair_entry_grove, david_orc_4, serial_shops,
          nicolae_shop_back_alley_shop, shop, shop, shop, shop, ldierk_geyser,
          uniq_maggie
D:10:     layout_long_grid, mainiacjoe_overflow_24_doors, minitemple,
          uniq_amaemon
D:11:     layout_loops_ring, uniq_snorg, uniq_psyche
D:12:     layout_basic, nicolae_transmutations_shop, uniq_lodul, uniq_nessos
D:13:     layout_cross, nicolae_lava_and_water, nicolae_rejected_hall
D:14:     layout_basic, david_vaults_4, minmay_misc_feat_square
D:15:     grunt_enter_depths_hoard, layout_loops_ring, xom_redecorated,
          gammafunk_ghost_smash
Temple:   hellmonk_temple_micro_hex
Lair:1:   layout_roguey, gammafunk_ghost_arena, serial_bayou_shore_a,
          infiniplex_staircase_pool
Lair:2:   cheibrodos_lair_river_kwai, layout_chaotic_city, serial_rivers,
          chequers_serial_rivers_micro_d, chequers_serial_rivers_marsh,
          chequers_serial_rivers_small_b, chequers_serial_rivers_room_a
Lair:3:   layout_hall_layers, swamp_mist, dummy_snake_entry
Lair:4:   nzn_winding_woodlands_large [nzn_winding_woodlands_5x5_perimeter,
          nzn_winding_woodlands_5x15_pool, nzn_winding_woodlands_5x5_three,
          nzn_winding_woodlands_center_triple_pond,
          nzn_winding_woodlands_15x15_thick_spiral,
          nzn_winding_woodlands_center_garden,
          nzn_winding_woodlands_5x5_closed_star,
          nzn_winding_woodlands_5x15_zeroes,
          nzn_winding_woodlands_5x5_checkerboard], layout_gridlike,
          slime_entry_1, infiniplex_staircase_pool_2
Lair:5:   due_jungle_book, layout_regular_city, grunt_megastairs_2,
          lemuel_fruit_fields
Swamp:1:  layout_basic_swamp, evilmike_swamp_ruin_wall
Swamp:2:  layout_basic_swamp, evilmike_swamp_ruin_house_2,
          tekkud_bubbles_buried_in_this_jungle, uniq_mlioglotl, uniq_roxanne,
          uniq_frances
Swamp:3:  layout_basic_swamp, evilmike_swamp_ruin_house_1, uniq_louise,
          uniq_mara, uniq_donald
Swamp:4:  swamp_old_school, layout_basic_swamp,
          portal_ice_cave_entry_ugly_swarm, swamp_pool_1_2
Snake:1:  layout_grid_maze, uniq_aizul
Snake:2:  layout_chambers, grunt_ministairs_9, nicolae_triple_integral
Snake:3:  nicolae_cobra_stairs, layout_misc_corridors, drop_trap
Snake:4:  hellmonk_snake_rune_quicksilver_temple, layout_cave_town, st_stairs_8,
          minmay_shop_star
Slime:1:  layout_caves
Slime:2:  layout_caves, nicolae_slime_welcoming_committee
Slime:3:  layout_caves, special_room [special_room_jelly]
Slime:4:  layout_caves, basic_altar, cheibrodos_slime_lost_civilization_6
Slime:5:  slime_pit_nicolae_trefoil
Orc:1:    layout_diamond_mine, trog_butcher_becter
Orc:2:    grunt_orc_community_town_hall, layout_diamond_mine,
          grunt_orc_community_big_house_2, grunt_orc_community_big_house_2,
          grunt_orc_community_house_3, grunt_orc_community_house_1,
          grunt_orc_community_house_1, grunt_orc_community_house_2
Elf:1:    elf_arrival_002, layout_loops_corners, serial_shops, shop, shop,
          kennysheep_underground_church
Elf:2:    elven_hall_of_blades_hangedman_original [nooodl_blade_entry_preview],
          layout_rooms, uniq_jorgrun
Elf:3:    minmay_elf_hall_four_x, layout_loops_corners, uniq_zenata
Vaults:1: nicolae_vaults_tetromino_L_1, nicolae_vaults_halls_meeting,
          ontoclasm_vaults_spin, v_misc_25, vaults_dpeg_diagonal,
          nicolae_vaults_spaceships, nicolae_vaults_rhombus_6,
          nicolae_vaults_yaktaur_gun_rack, lightli_orcish_oven, v_misc_1,
          nicolae_vaults_tetromino_Z_1, vaults_mumra_minichess,
          grunt_vaults_focal, vaults_dpeg_encased_lava, layout_vaults_big_room
Vaults:2: gammafunk_ghost_mausoleum, ontoclasm_vaults_tryst, v_rooms_3,
          hangedman_vaults_variations, v_misc_33, v_alt_pattern_1,
          grunt_vaults_funnel, nicolae_vaults_tetromino_L_2,
          nicolae_vaults_storage_room_doors, v_misc_8, st_lattice,
          layout_vaults_omnicross, uniq_margery
Vaults:3: nicolae_vaults_storing_the_good_stuff, v_rooms_4,
          nicolae_vaults_trapezoid_lopsided_3,
          vaults_standard_mumra_enter_the_diamond, nicolae_vaults_two_Ls,
          v_pattern_3, minmay_crypt_entry_simple_round,
          nicolae_vaults_mini_display_case, v_misc_26, nicolae_vaults_diamond_2,
          layout_vaults_omnigrid, serial_shops, nicolae_shop_stone, shop,
          nicolae_shop_rolled_up, shop, nicolae_shop_rolled_up
Vaults:4: nicolae_vaults_tetromino_Z_2, nicolae_vaults_network_quincunx
          [nicolae_vaults_network_quincunx_subvault,
          nicolae_vaults_network_quincunx_subvault,
          nicolae_vaults_network_quincunx_subvault,
          nicolae_vaults_network_quincunx_subvault,
          nicolae_vaults_network_quincunx_subvault],
          nicolae_vaults_closet_pinwheel_1, nicolae_vaults_network_barrier,
          hangedman_vaults_hat, st_greater_box_1, dpeg_vaults_monster_row,
          dpeg_vaults_monster_box, nicolae_vaults_tetromino_Z_2,
          layout_vaults_maze
Vaults:5
Crypt:1:  layout_basic, grunt_crypt_arrival_split, uniq_khufu
Crypt:2:  layout_gridlike
Crypt:3:  evilmike_haunted_forest
Tomb:1
Tomb:2
Tomb:3
Depths:1: minmay_guarded_unrand_sceptre_of_torment, layout_cave_pools,
          hell_entry, nicolae_uskayaw_murder_on_the_dancefloor,
          minmay_starry_boxes, minmay_shop_grove, uniq_boris, uniq_enchantress
Depths:2: minmay_distorted_concentric_squares, layout_basic, enter_ziggurat_c,
          old_standard_altar, serial_bayou, serial_bayou_lake_a,
          serial_bayou_ford_a, serial_bayou_pond_a, serial_bayou_lagoon_a,
          grunt_mini_vestibule, rand_demon_pan_entry_5, uniq_norris,
          uniq_josephina
Depths:3: gammafunk_jiyva_shrine, layout_cave_pools, pf_hell_entry_great_geh,
          nicolae_two_hexagons, abyss_entry, kennysheep_generic_room_16
Depths:4: grunt_zot_entry_alcove, layout_basic, pan_entry, fountainhead,
          hellmouth_1, hangedman_abyss_or_decor_passed, uniq_frederick
Hell
Dis:1:    layout_subdivisions, evilmike_ambush [evilmike_ambush_outer_basic,
          evilmike_ambush_inner_basic]
Dis:2:    layout_jigsaw, lemuel_mystery_crypt
Dis:3:    layout_gridville
Dis:4:    kennysheep_iron_temple, layout_subdivisions
Dis:5:    layout_gridville, nicolae_dis_step_into_the_octagon
Dis:6:    layout_jigsaw, nicolae_dis_distal_crystal
Dis:7:    dis_grunt_layers
Geh:1:    layout_gehenna_pools_basic, lemuel_flamethrower_2
Geh:2:    layout_gehenna_lava_caves, hangedman_elemental_grid_stream
Geh:3:    layout_gehenna_lava_caves, nicolae_hells_hurtin_island
Geh:4:    layout_gehenna_pools_box
Geh:5:    layout_gehenna_lava_caves, evilmike_ambush
          [evilmike_ambush_outer_basic, evilmike_ambush_inner_pond]
Geh:6:    layout_gehenna_pools_triple
Geh:7:    geh_grunt
Coc:1:    layout_cocytus_water_paths
Coc:2:    layout_cocytus_delve
Coc:3:    layout_cocytus_water_paths
Coc:4:    layout_cocytus_water_paths
Coc:5:    layout_ice_bergs, nicolae_coc_kraken_the_ice
Coc:6:    layout_ice_bergs
Coc:7:    coc_grunt
Tar:1:    layout_catacombs
Tar:2:    layout_cathedral_of_symmetry
Tar:3:    layout_grid_maze, lemuel_nasty_pond
Tar:4:    nicolae_tar_checkpoint_tarlie, layout_cathedral_of_symmetry
Tar:5:    layout_grid_maze
Tar:6:    layout_honeycomb, nicolae_hells_fiendish_ambush
Tar:7:    tar_grunt_cathedral
Zot:1:    minmay_elemental_castle, layout_twisted_circle,
          regret_index_zotdec_serpentine_scales
Zot:2:    layout_misc_corridors, grunt_megastairs_1
Zot:3:    layout_gridville, grunt_megastairs_5
Zot:4:    regret_index_infernal_bastille, layout_misc_corridors,
          gammafunk_ghost_crypt
Zot:5:    layout_twisted_circle

Skill      XL: |  1  2  3  4  5  6  7  8  9 10 11 12 13 14 15 16 17 18 19 20 21 22 23 24 25 26 27 |
---------------+----------------------------------------------------------------------------------+-----
Short Blades   | 3 4 5 6 8 9 10 12 13 15 16 17 18 19 20 21 22 23 24 27 | 27.0
Dodging        | 2 3 4 5 6 7 8 9 10 11 12 13 14 21 | 21.7
Fighting       | 3 4 5 6 7 8 10 11 12 13 14 15 16 17 18 19 20 21 27 | 27.0
Armour         | 2 3 4 5 6 7 9 10 11 12 13 14 15 21 | 21.8
Shields        | 1 2 3 4 5 6 8 9 10 11 12 13 14 15 16 17 27 | 27.0
Invocations    | 1 4 6 7 9 10 11 12 27 | 27.0
Spellcasting   | 18 | 18.4
Air Magic      | 7 |  7.7
Hexes          | 5 |  5.6
Translocations | 5 |  5.7
Evocations     | 8 |  8.6

Action                     |  1- 3 |  4- 6 |  7- 9 | 10-12 | 13-15 | 16-18 | 19-21 | 22-24 | 25-27 || total
---------------------------+-------+-------+-------+-------+-------+-------+-------+-------+-------++-------
  Melee: Short sword       |   147 |   220 |   304 |    88 |       |       |       |       |       ||   759
         Bite              |    37 |    92 |   107 |   262 |   666 |   516 |   682 |   637 |  8138 || 11137
         Rapier            |       |    27 |    23 |   567 |  1509 |  1264 |  1376 |  1324 |  2022 ||  8112
         Quick blade       |       |       |       |       |       |       |       |       | 10790 || 10790
         Demon blade       |       |       |       |       |       |       |       |       |     1 ||     1
  Throw: Throwing net      |       |       |       |       |     1 |       |       |       |       ||     1
   Cast: Apportation       |       |       |       |       |       |       |       |       |     2 ||     2
 Invoke: Berserk           |     1 |       |     4 |    12 |    13 |    13 |     2 |       |       ||    45
         Trog's Hand       |       |       |     2 |    12 |     9 |    10 |     2 |       |       ||    35
         Brothers in Arms  |       |       |     1 |     2 |       |     3 |     4 |       |       ||    10
         Stomp             |       |       |       |       |       |       |     7 |     8 |    39 ||    54
         Grand Finale      |       |       |       |       |       |       |     1 |       |    10 ||    11
         Line Pass         |       |       |       |       |       |       |     1 |       |     4 ||     5
Ability: Evoke Blink       |       |       |       |       |       |       |       |       |     3 ||     3
  Evoke: Wand              |       |       |     3 |     6 |     1 |     1 |       |       |    23 ||    34
    Use: Scroll            |       |       |     9 |     4 |     9 |    20 |     7 |    16 |    79 ||   144
         Potion            |       |       |       |     1 |     1 |     2 |     1 |     2 |    64 ||    71
   Stab: Sleeping          |     1 |     2 |       |       |     1 |       |       |       |       ||     4
         Distracted        |       |       |       |     2 |       |       |       |     1 |     3 ||     6
         Petrified         |       |       |       |       |     2 |       |       |       |       ||     2
         Held in net/web   |       |       |       |       |     2 |       |       |       |       ||     2
         Paralysed         |       |       |       |       |       |       |   108 |   120 |   795 ||  1023
         Invisible         |       |       |       |       |       |       |       |       |     5 ||     5
         Confused          |       |       |       |       |       |       |       |       |     4 ||     4
 Armour: Animal skin       |    86 |    72 |       |       |       |       |       |       |       ||   158
         Leather armour    |       |    62 |   145 |   109 |       |       |       |       |       ||   316
         Acid dragon scale |       |       |       |   152 |   278 |       |       |       |       ||   430
         Troll leather arm |       |       |       |       |   284 |       |       |       |       ||   284
         Chain mail        |       |       |       |       |    32 |   225 |   165 |       |       ||   422
         Plate armour      |       |       |       |       |       |  1099 |   899 |  1066 |  1315 ||  4379
         Ice dragon scales |       |       |       |       |       |       |   238 |       |       ||   238
         Gold dragon scale |       |       |       |       |       |       |       |       |  2369 ||  2369
         Skin              |       |       |       |       |       |       |       |       |     5 ||     5
  Dodge: Dodged            |    85 |   115 |   144 |   230 |   425 |   309 |   334 |   244 |  1780 ||  3666
         Repelled          |       |       |       |       |     5 |       |       |       |       ||     5
  Block: Buckler           |       |    46 |    66 |   133 |   238 |    80 |       |       |       ||   563
         Kite shield       |       |       |       |       |       |   439 |   215 |       |       ||   654
         Tower shield      |       |       |       |       |       |       |   780 |   972 |  6729 ||  8481
         Reflection        |       |       |       |       |       |       |     3 |       |       ||     3

Table legend: (Time is in decaauts)
 A = Elapsed time spent in this place.
 B = Non-inter-level travel time spent in this place.
 C = Inter-level travel time spent in this place.
 D = Time resting spent in this place.
 E = Time spent auto-exploring this place.
 F = Levels seen in this place.
 G = Mean time per level.
                   A        B        C        D        E       F      G
               +--------+--------+--------+--------+--------+-----+--------+
         Total | 101006 |  82643 |  18363 |  10555 |  45801 | 109 |  926.7 |
       Dungeon |  20119 |  13384 |   6735 |   2224 |   7680 |  15 | 1341.3 |
        Temple |      1 |      1 |      0 |      0 |      0 |   1 |    1.0 |
          Lair |   5827 |   4709 |   1118 |    339 |   3322 |   5 | 1165.4 |
         Swamp |   3586 |   3197 |    389 |    624 |   1709 |   4 |  896.5 |
     Snake Pit |   4473 |   4172 |    301 |    542 |   2779 |   4 | 1118.2 |
    Slime Pits |   4647 |   4061 |    586 |    660 |   1770 |   5 |  929.4 |
  Orcish Mines |   2573 |   2019 |    554 |     46 |   1434 |   2 | 1286.5 |
   Elven Halls |   3730 |   3419 |    311 |    379 |   2263 |   3 | 1243.3 |
        Vaults |  10178 |   7568 |   2610 |    982 |   4610 |   5 | 2035.6 |
         Crypt |   3725 |   3024 |    701 |     41 |   2301 |   3 | 1241.7 |
          Tomb |   4581 |   3596 |    985 |   1341 |    857 |   3 | 1527.0 |
        Depths |   5699 |   3875 |   1824 |    102 |   2792 |   4 | 1424.8 |
          Hell |    763 |    566 |    197 |     61 |    192 |   1 |  763.0 |
           Dis |   3665 |   3383 |    282 |    460 |   1433 |   7 |  523.6 |
       Gehenna |   3372 |   3234 |    138 |    341 |   1559 |   7 |  481.7 |
       Cocytus |   3186 |   3050 |    136 |    290 |   1259 |   7 |  455.1 |
      Tartarus |   3056 |   2846 |    210 |    408 |   1391 |   7 |  436.6 |
           Zot |   7271 |   5993 |   1278 |   1236 |   2598 |   5 | 1454.2 |
         Abyss |    917 |    917 |      0 |     97 |    279 |   4 |  229.2 |
   Pandemonium |   8643 |   8643 |      0 |    340 |   5070 |  15 |  576.2 |
         Sewer |    257 |    257 |      0 |      0 |    126 |   1 |  257.0 |
      Ice Cave |    728 |    728 |      0 |     38 |    369 |   1 |  728.0 |
               +--------+--------+--------+--------+--------+-----+--------+

Top non-repeatable levels by time:
    D:15: 3110 daAuts
Vaults:3: 2958 daAuts
    D:14: 2684 daAuts
     D:9: 2280 daAuts
Vaults:2: 2202 daAuts
  Tomb:1: 2158 daAuts
   Zot:4: 2111 daAuts
   Orc:2: 2055 daAuts
 Crypt:3: 1865 daAuts
Vaults:1: 1835 daAuts
Depths:1: 1823 daAuts
Vaults:4: 1809 daAuts
   Zot:5: 1713 daAuts
   Dis:7: 1677 daAuts
   Elf:3: 1656 daAuts
